 Dungeon Crawl Stone Soup version 0.24-a0-282-g1a68c911f0 (webtiles) character file.

Game seed: 15616614571671381951

887167 Redear the Sorcerer (level 27, -5/258 HPs)
             Began as a Demigod Wizard on May 1, 2019.
             Killed by divine providence
             ... invoked by a mummy priest
              (10 damage)
             ... on level 27 of a ziggurat on May 2, 2019.
             The game lasted 13:20:33 (100027 turns).

Redear the Sorcerer (Demigod Wizard)              Turns: 100027, Time: 13:20:33

Health: -5/258     AC: 18    Str:  6 (9)  XL:     27
Magic:  5/68       EV: 22    Int: 59      God:
Gold:   3555       SH: 17    Dex: 10      Spells: 7/76 levels left

rFire    + + .     SeeInvis +   E - +9 staff of Wucad Mu {channel}
rCold    + + .     Gourm    .   t - +5 shield {reflect} {Reflect}
rNeg     + + +     Faith    .   k - +2 robe {Archmagi}
rPois    ∞         Spirit   .   P - +3 crown of Dyrovepreva {rElec Int+2 SInv}
rElec    +         Reflect  +   C - scarf {rC+ rF+}
rCorr    .         Harm     .   u - +2 pair of gloves {Str+3} {Str+3}
MR       +++++     Clarity  +   Y - +0 pair of boots "Gamuplig" {+Blink Str-4 Int+7}
Stlth    ++........             x - amulet of the Four Winds {rN+ MR+++ Clar}
HPRegen  0.53/turn              d - ring "Baotops" {rN+ MP+9 Int+4 Dex-2}
MPRegen  0.41/turn              m - ring of the Exiled Nights {rF+ Int+6}

@: lich-form, very slightly contaminated, studying 4 skills, deflect missiles
A: antennae 1, repulsion field 1, clumsy 1, high mp 1, robust 1, MP-powered
wands
}: 3/15 runes: decaying, silver, gossamer
a: End Transformation, Evoke Blink


You were on level 27 of a ziggurat.
You were not hungry.
You were a lich.
You visited 10 branches of the dungeon, and saw 52 of its levels.
You visited the Abyss 1 time.
You visited 1 bazaar.
You visited 1 ziggurat, and saw 27 of its levels.
You also visited: Volcano and Wizlab.

You collected 11656 gold pieces.
You spent 8101 gold pieces at shops.

Inventory:

Hand Weapons
 E - the +9 staff of Wucad Mu (weapon) {channel}
   (You found it in a wizard's laboratory)
Armour
 c - the +3 pair of gauntlets of War {Slay+5}
   (You found it on level 2 of the Realm of Zot)

   It affects your accuracy and damage with ranged weapons and melee attacks
   (+5).
 k - a +2 robe of the Archmagi (worn)
 t - a +5 shield of reflection (worn) {Reflect}
 u - a +2 pair of gloves of strength (worn) {Str+3}
 w - the +1 robe of Pyffuclez {Regen+ MP+9 Int+2}
   (You found it on level 1 of the Crypt)

   It affects your intelligence (+2).
   It affects your magic capacity (+9).
   It increases your rate of regeneration.
 C - a scarf of resistance (worn)
 P - the +3 crown of Dyrovepreva (worn) {rElec Int+2 SInv}
   (You found it on level 10 of the Dungeon)

   It affects your intelligence (+2).
   It insulates you from electricity.
   It lets you see invisible.
 W - the +3 pair of boots of Naet {rCorr}
   (You found it on level 3 of the Lair of Beasts)

   It provides partial protection from all sources of acid and corrosion.
 Y - the +0 pair of boots "Gamuplig" (worn) {+Blink Str-4 Int+7}
   (You found it on level 4 of the Realm of Zot)

   It affects your strength (-4).
   It affects your intelligence (+7).
   It lets you blink.
Magical Staves
 a - an uncursed staff of fire {rF+}
 V - an uncursed staff of conjuration
Jewellery
 d - the ring "Baotops" (left hand) {rN+ MP+9 Int+4 Dex-2}
   (You found it on level 22 of a ziggurat)

   [ring of magical power]

   It affects your intelligence (+4).
   It affects your dexterity (-2).
   It protects you from negative energy.
   It affects your magic capacity (+9).
 g - an uncursed ring of resist corrosion
 h - the ring of the Mage {Wiz MR++ Int+3}
   (You found it on level 20 of a ziggurat)

   [ring of wizardry]

   It improves your spell success rate.
   It affects your intelligence (+3).
   It affects your resistance to hostile enchantments.
 m - the ring of the Exiled Nights (right hand) {rF+ Int+6}
   (You took it off a vault warden on level 5 of the Vaults)

   [ring of intelligence]

   It affects your intelligence (+6).
   It protects you from fire.
 r - an uncursed amulet of regeneration {+Regen}
 x - the amulet of the Four Winds (around neck) {rN+ MR+++ Clar}
   (You took it off a vault warden on level 5 of the Vaults)

   [amulet of nothing]

   It protects you from negative energy.
   It affects your resistance to hostile enchantments.
   It protects you against confusion.
 Z - an uncursed amulet of magic regeneration
Wands
 A - a wand of acid (28)
 I - a wand of iceblast (51)
 O - a wand of clouds (12)
 S - a wand of scattershot (10)
Scrolls
 n - 4 scrolls of fog
 q - 7 scrolls of enchant armour
 D - 6 scrolls of amnesia
 F - 11 scrolls of fear
 G - 2 scrolls of summoning
 M - 7 scrolls of magic mapping
 N - 30 scrolls of remove curse {@r2}
 R - 17 scrolls of identify {@r1}
 T - 22 scrolls of teleportation {@r3}
Potions
 e - 6 potions of ambrosia
 f - 4 potions of brilliance {Archmagi Int+5 Wiz++}
 i - 3 potions of magic
 j - 12 potions of mutation {!q}
 l - 12 potions of flight
 p - 5 potions of berserk rage
 s - 6 potions of might {Str+5 DMG+1d10 | @q3}
 v - 2 potions of agility {Stlth+ Dex+5 EV+5 | @q4}
 y - a potion of resistance {rF+ rC+ rPois rElec rCorr}
 H - a potion of haste {@q5}
 J - 7 potions of cancellation
 Q - 10 potions of curing {@q2}
Books
 b - a manual of Unarmed Combat
 B - a manual of Dodging
 K - a manual of
Armour
 X - a manual of Stealth
Miscellaneous
 o - 5 phantom mirrors
 U - a box of beasts
Comestibles
 z - 89 rations


   Skills:
 - Level 17.0 Fighting
   Level 2.1 Short Blades
 + Level 6.3 Armour
 + Level 16.1 Dodging
 - Level 1.7 Stealth
 - Level 15.2 Shields
 - Level 16.0 Unarmed Combat
 - Level 25.3 Spellcasting
 - Level 20.0 Conjurations
   Level 4.0 Hexes
   Level 10.0 Summonings
 - Level 14.0 Necromancy
 - Level 13.0 Translocations
 - Level 13.0 Transmutations
 - Level 20.8 Fire Magic
 - Level 14.6 Air Magic
 - Level 6.0 Earth Magic
   Level 2.0 Poison Magic
 - Level 13.6 Evocations


You had 7 spell levels left.
You knew the following spells:

 Your Spells              Type           Power        Failure   Level  Hunger
c - Borgnjor's Vile Clut  Necr/Erth      #########.   1%          5    N/A
d - Regeneration          Chrm/Necr      #########.   0%          3    N/A
g - Apportation           Tloc           ######       0%          1    N/A
A - Infestation           Necr           #########.   1%          8    N/A
C - Controlled Blink      Tloc           N/A          3%          8    N/A
D - Deflect Missiles      Chrm/Air       ########..   1%          6    N/A
F - Fire Storm            Conj/Fire      #########.   2%          9    N/A
I - Ignition              Fire           #########.   1%          8    N/A
J - Orb of Destruction    Conj           #########.   1%          7    N/A
N - Necromutation         Tmut/Necr      #########.   2%          8    N/A
Y - Statue Form           Tmut/Erth      ########.    1%          6    N/A

Your spell library contained the following spells:

 Spells                   Type           Power        Failure   Level  Hunger
 Animate Skeleton         Necr           N/A          0%          1    N/A
 Beastly Appendage        Tmut           ######       0%          1    N/A
 Flame Tongue             Conj/Fire      #####        0%          1    N/A
 Magic Dart               Conj           ####         0%          1    N/A
 Pain                     Necr           ####         0%          1    N/A
 Sandblast                Erth           ######       0%          1    N/A
 Shock                    Conj/Air       ####         0%          1    N/A
 Sting                    Conj/Pois      ####         0%          1    N/A
 Summon Butterflies       Summ           ########     0%          1    N/A
 Summon Small Mammal      Summ           ####         0%          1    N/A
 Blink                    Tloc           N/A          0%          2    N/A
 Call Imp                 Summ           ########     0%          2    N/A
 Corpse Rot               Necr           N/A          0%          2    N/A
 Passwall                 Tmut/Erth      ########     0%          2    N/A
 Searing Ray              Conj           ######       0%          2    N/A
 Shroud of Golubria       Chrm/Tloc      ########..   0%          2    N/A
 Sticks to Snakes         Tmut           ########     0%          2    N/A
 Sublimation of Blood     Necr           #########.   0%          2    N/A
 Swiftness                Chrm/Air       ########     0%          2    N/A
 Throw Flame              Conj/Fire      ######       0%          2    N/A
 Call Canine Familiar     Summ           ########     0%          3    N/A
 Conjure Flame            Conj/Fire      ########     0%          3    N/A
 Dazzling Spray           Conj/Hex       ######       0%          3    N/A
 Gell's Gravitas          Tloc           ########..   0%          3    N/A
 Ignite Poison            Fire/Tmut/Pois ########     0%          3    N/A
 Inner Flame              Hex/Fire       ########     0%          3    N/A
 Lesser Beckoning         Tloc           ########..   0%          3    N/A
 Mephitic Cloud           Conj/Pois/Air  ########     0%          3    N/A
 Portal Projectile        Hex/Tloc       ######       0%          3    N/A
 Recall                   Summ/Tloc      N/A          0%          3    N/A
 Spider Form              Tmut/Pois      ########..   0%          3    N/A
 Static Discharge         Conj/Air       ########     0%          3    N/A
 Stone Arrow              Conj/Erth      ######       0%          3    N/A
 Summon Guardian Golem    Hex/Summ       ########     0%          3    N/A
 Teleport Other           Tloc           ########     0%          3    N/A
 Vampiric Draining        Necr           #########.   0%          3    N/A
 Airstrike                Air            #########.   0%          4    N/A
 Animate Dead             Necr           N/A          0%          4    N/A
 Force Lance              Conj/Tloc      ########     0%          4    N/A
 Fulminant Prism          Conj/Hex       ########..   0%          4    N/A
 Iskenderun's Mystic Bla  Conj           ########     0%          4    N/A
 Passage of Golubria      Tloc           N/A          0%          4    N/A
 Sticky Flame             Conj/Fire      ########     0%          4    N/A
 Summon Lightning Spire   Summ/Air       ########     0%          4    N/A
 Throw Icicle             Conj/Ice       ########     0%          4    N/A
 Agony                    Necr           ########     0%          5    N/A
 Blade Hands              Tmut           ########..   0%          5    N/A
 Bolt of Draining         Conj/Necr      #########.   0%          5    N/A
 Bolt of Magma            Conj/Fire/Erth #########.   0%          5    N/A
 Dispel Undead            Necr           ########     0%          5    N/A
 Fireball                 Conj/Fire      #########.   0%          5    N/A
 Irradiate                Conj/Tmut      #########.   0%          5    N/A
 Lightning Bolt           Conj/Air       #########.   0%          5    N/A
 Bolt of Fire             Conj/Fire      #########.   0%          6    N/A
 Conjure Ball Lightning   Conj/Air       #########.   0%          6    N/A
 Confusing Touch          Hex            ######       1%          1    N/A
 Corona                   Hex            #######      1%          1    N/A
 Freeze                   Ice            ####         1%          1    N/A
 Infusion                 Chrm           ####         1%          1    N/A
 Ensorcelled Hibernation  Hex/Ice        ######       1%          2    N/A
 Slow                     Hex            ########     1%          2    N/A
 Song of Slaying          Chrm           #######.     1%          2    N/A
 Confuse                  Hex            ########     1%          3    N/A
 Ozocubu's Armour         Chrm/Ice       #######.     1%          3    N/A
 Spectral Weapon          Hex/Chrm       #######.     1%          3    N/A
 Tukima's Dance           Hex            ########     1%          3    N/A
 Cause Fear               Hex            ########..   1%          4    N/A
 Ice Form                 Ice/Tmut       ########     1%          4    N/A
 Leda's Liquefaction      Hex/Erth       ########..   1%          4    N/A
 Petrify                  Tmut/Erth      ########     1%          4    N/A
 Summon Ice Beast         Ice/Summ       ########     1%          4    N/A
 Alistair's Intoxication  Tmut/Pois      ########     1%          5    N/A
 Aura of Abjuration       Summ           ########..   1%          5    N/A
 Excruciating Wounds      Chrm/Necr      #########.   1%          5    N/A
 Iskenderun's Battlesphe  Conj/Chrm      ########     1%          5    N/A
 Lee's Rapid Deconstruct  Erth           ########..   1%          5    N/A
 Metabolic Englaciation   Hex/Ice        #######...   1%          5    N/A
 Silence                  Hex/Air        ########..   1%          5    N/A
 Summon Demon             Summ           ########..   1%          5    N/A
 Summon Forest            Summ/Tloc      ########..   1%          5    N/A
 Summon Mana Viper        Hex/Summ       ########     1%          5    N/A
 Venom Bolt               Conj/Pois      ########..   1%          5    N/A
 Yara's Violent Unravell  Hex/Tmut       ########..   1%          5    N/A
 Bolt of Cold             Conj/Ice       ########..   1%          6    N/A
 Dispersal                Tloc           ########..   1%          6    N/A
 Freezing Cloud           Conj/Ice/Air   ########..   1%          6    N/A
 Hydra Form               Tmut           ########..   1%          6    N/A
 Iron Shot                Conj/Erth      ########..   1%          6    N/A
 Poison Arrow             Conj/Pois      ########..   1%          6    N/A
 Shadow Creatures         Summ           N/A          1%          6    N/A
 Dragon Form              Tmut           ########..   1%          7    N/A
 Haunt                    Necr/Summ      #########.   1%          7    N/A
 Ring of Flames           Chrm/Fire      ########..   1%          7    N/A
 Spellforged Servitor     Conj/Summ      #########.   1%          7    N/A
 Summon Hydra             Summ           ########..   1%          7    N/A
 Darkness                 Hex            ########..   3%          6    N/A
 Invisibility             Hex            ########     3%          6    N/A
 Ozocubu's Refrigeration  Ice            #######...   16%         6    N/A
 Borgnjor's Revivificati  Necr           #########.   1%          8    N/A
 Chain Lightning          Conj/Air       #########.   1%          8    N/A
 Disjunction              Tloc           ########..   3%          8    N/A
 Lehudib's Crystal Spear  Conj/Erth      ########..   3%          8    N/A
 Tornado                  Air            #########.   26%         9    N/A
 Death's Door             Chrm/Necr      #########.   36%         8    N/A
 Discord                  Hex            ########..   77%         8    N/A
 Dragon's Call            Summ           ########..   86%         9    N/A
 Glaciate                 Conj/Ice       ########..   86%         9    N/A
 Shatter                  Erth           ########..   100%        9    N/A

Dungeon Overview and Level Annotations

Branches:
Dungeon (15/15)            Temple (0/1) D:6            Lair (6/6) D:10
  Swamp (4/4) Lair:2       Spider (4/4) Lair:3        Slime (0/5) Lair:5
    Orc (2/2) D:11            Elf (3/3) Orc:2        Vaults (5/5) D:14
  Crypt (3/3) Vaults:2       Tomb (0/3) Crypt:3      Depths (5/5) D:15
    Zot (5/5) Depths:5

Shops:
D:10 *   Orc:2 :*[   Elf:2 :?=*   Elf:3 [   Vaults:4 :

Portals:
Hell: Depths:1 Depths:2 Depths:3 Depths:4 Depths:5
Abyss: Depths:1 Depths:4 Depths:5
Pandemonium: Depths:2 Depths:3

Annotations:
Spider:1 1 transporter
Elf:3 1 exclusion


Innate Abilities, Weirdness & Mutations

You have an increased reservoir of magic. (+10% MP)
You have a pair of small antennae on your head.
You are surrounded by a mild repulsion field. (EV +2)
You are clumsy. (Dex -2)
You are robust. (+10% HP)
You expend magic power (3 MP) to strengthen your wands.


Message History

Unknown command.
Unknown command.
Unknown command.
Unknown command.
Unknown command.
Unknown command.
Unknown command.
Unknown command.
Unknown command.
Okay, then.
You fail to use your ability.
The greater mummy barely misses you. You block the flying skull's attack.
The ushabti shakes and rattles deafeningly!
A juggernaut zombie comes into view.
The ushabti shakes and rattles deafeningly!
The guardian mummy hits you!
* * * LOW HITPOINT WARNING * * *
The mummy priest invokes the aid of its god against you.
Something smites you!
You die...

▓......≈8≈.........
▓.......≈≈≈.........
.............s......
▓▓.§§...........sMZ...
▓§2§............Z.ss..
▓▓§§§§.................
▓§§§§§..W.W........Z..M
▓§§§§Mz.M...........s..
▓§§§§MLzM..........WWSM
▓▓.§§§Mz8......§.....MZ.
▓..∩.n.ZM...MM......M...
▓▓........8MM...........
▓.....○......Z.........
▓...........8..........
▓............z........v
▓▓.....................
▓.....................


You could see 2 greater mummies, 3 mummy priests, 2 guardian mummies, 3
ushabtiu, a spectral deep elf high priest, 2 hungry ghosts, a necrophage, 3
flying skulls, 3 mummies, a wight and a juggernaut zombie.

Vanquished Creatures
  2 orbs of fire (Zot:5)
  Mara (Vaults:3)
  3 juggernauts
  7 ancient liches
  Sojobo (Crypt:3)
  3 greater mummies (Zig:27)
  13 Killer Klowns
  Boris (thrice) (Vaults:2 Crypt:1 Depths:2)
  A caustic shrike (Depths:2)
  The ghost of Ashruvub the Earth Mage, a veteran GrEE of Vehumet (Depths:4)
  A caustic shrike (shapeshifter) (Zig:24)
  A profane servitor (Zig:23)
  21 golden dragons
  Arachne (Spider:1)
  3 bone dragons
  The ghost of Acrimas the Scorcher, a veteran GrFE of Vehumet (Depths:4)
  2 pearl dragons (Zig:11)
  4 Brimstone Fiends
  An iron giant (shapeshifter) (Zig:24)
  14 pandemonium lords
  10 liches
  2 electric golems (Zot:5)
  A shard shrike zombie (Crypt:2)
  13 tentacled monstrosities
  Jorgrun (D:13)
  7 Ice Fiends
  13 Orb Guardians (Zot:5)
  7 deep elf blademasters
  15 quicksilver dragons
  7 deep elf master archers
  A quicksilver dragon (shapeshifter) (Zig:14)
  9 titans
  5 sphinxes
  2 Executioners
  An acid blob (shapeshifter) (Zig:7)
  19 ancient champions
  A tentacled starspawn (Abyss:2)
  5 death cobs
  12 storm dragons
  2 shadow dragons (shapeshifter) (Zig:6)
  A sphinx (shapeshifter) (Zig:24)
  A thorn hunter (Swamp:1)
  10 tengu reavers
  A storm dragon (shapeshifter) (Zig:24)
  43 nagarajas
  2 draconian monks
  Donald (Elf:2)
  14 shadow dragons
  A fire giant (shapeshifter) (Zig:14)
  8 revenants
  10 frost giants
  5 fire giants
  2 frost giants (shapeshifter) (Zig:24)
  2 daevas (Zig:11)
  2 caustic shrike zombies (Zig:18)
  3 draconian scorchers
  An iron dragon (shapeshifter) (Zig:24)
  3 black suns
  2 iron dragons
  A draconian shifter (Zot:5)
  13 ghost moths
  5 deep elf sorcerers
  7 draconian knights
  27 vault wardens
  2 warmongers (Zig:17)
  4 emperor scorpions (Spider:4)
  A cacodemon (Zig:17)
  4 deep elf elementalists
  9 ghouls
  4 draconian stormcallers
  2 orc warlords
  4 balrugs
  18 ironheart preservers
  3 angels (Zig:11)
  2 blood saints (Zig:17)
  8 curse skulls
  2 juggernaut skeletons
  3 spriggan defenders
  3 draconian annihilators
  3 reapers
  An ophan (Zig:11)
  A stone giant (shapeshifter) (Zig:14)
  27 stone giants
  23 very ugly things
  3 corrupters
  2 caustic shrike skeletons
  2 apis (Zig:11)
  4 green draconians
  4 entropy weavers
  A bennu (Zig:27)
  11 deep elf demonologists
  11 vampire knights
  3 war gargoyles
  A red draconian (Zot:4)
  A lorocyproca (Zig:19)
  12 black draconians
  6 spark wasps
  15 purple draconians
  8 yellow draconians
  14 deep elf annihilators
  5 white draconians
  18 ettins
  2 merfolk javelineers (Zig:21)
  6 eidola
  2 crystal guardians
  14 deep elf death magi
  3 fire dragons
  2 blizzard demons (Zig:19)
  6 green deaths
  12 jiangshi
  A merfolk impaler (Zig:15)
  4 mummy priests (Zig:27)
  25 yaktaur captains
  9 deep elf high priests
  19 ice dragons
  Harold (D:8)
  10 great orbs of eyes
  5 rakshasas
  28 vault guards
  A hell beast (Zig:19)
  9 naga warriors
  2 shambling mangroves
  A catoblepas (shapeshifter) (Zig:24)
  A caustic shrike simulacrum (Zig:27)
  9 hydras
  2 spriggan air magi
  3 merfolk avatars (Swamp:4)
  2 merfolk aquamancers (Zig:15)
  3 anacondas
  19 centaur warriors
  12 alligators
  2 alligator snapping turtles (Zig:15)
  2 ghost crabs
  6 death knights
  27 dancing weapons
  14 ogre magi
  23 two-headed ogres
  A hell hog (Zig:18)
  An alligator (shapeshifter) (Zig:24)
  An anaconda (shapeshifter) (Depths:4)
  11 deep troll shamans
  3 orc high priests (Orc:2)
  8 tengu warriors
  10 deep troll earth magi
  4 spriggan berserkers
  A death scarab (Zig:27)
  8 satyrs (Zig:21)
  15 vampire magi
  5 hell knights
  20 naga sharpshooters
  Urug (Lair:2)
  8 shock serpents
  7 spriggans
  2 titan zombies
  26 deep elf knights
  2 thrashing horrors (Abyss:2)
  A shock serpent (shapeshifter) (Zig:14)
  5 soul eaters
  The ghost of P0WERM0DE the Fighter, a novice MiFi of Makhleb (D:8)
  A sixfirhy (Depths:2)
  11 shadow wraiths
  3 iron trolls
  4 cherubim (Zig:11)
  13 flayed ghosts
  24 skeletal warriors
  4 unseen horrors
  4 spriggan druids
  5 glowing orange brains
  A sea snake (shapeshifter) (Vaults:5)
  3 storm dragon skeletons
  2 unseen horrors (shapeshifter)
  3 shadow demons
  3 naga ritualists
  5 swamp dragons
  An iron giant zombie (Crypt:1)
  4 spectral hydras (Swamp:4)
  4 wizards
  16 deep elf archers
  A golden dragon skeleton (Zig:18)
  The ghost of SpaceButler the Geomancer, a novice GrEE of Qazlal (D:7)
  2 obsidian statues
  35 deep trolls
  12 phantasmal warriors
  2 orange crystal statues
  2 lindwurms
  3 tengu zombies
  11 harpies
  5 necromancers
  An orb spider (shapeshifter) (D:15)
  17 orb spiders
  16 ironbrand convokers
  A lindwurm (shapeshifter) (Depths:2)
  A frost giant zombie (Crypt:2)
  2 iron dragon zombies
  55 ugly things
  5 orc sorcerers
  6 mana vipers
  15 orc knights
  36 wolf spiders
  A wolf spider zombie (D:15)
  2 shining eyes (Zig:12)
  A cyclops (shapeshifter) (Vaults:5)
  A shining eye (shapeshifter) (Zig:24)
  72 deep elf magi
  2 centaur zombies
  A wolf spider (shapeshifter) (Vaults:5)
  A fire giant zombie (Crypt:2)
  A moth of wrath (shapeshifter) (Vaults:5)
  2 manticores
  9 cyclopes
  2 fauns (shapeshifter)
  A sphinx skeleton (Zig:18)
  An elephant (shapeshifter) (Zig:26)
  18 moths of wrath
  2 human skeletons (Vaults:3)
  7 fauns (Zig:21)
  A worldbinder (Abyss:2)
  21 vault sentinels
  10 guardian serpents
  2 smoke demons
  2 molten gargoyles (Lair:6)
  A rust devil (Depths:2)
  32 black mambas
  4 elephants
  4 apocalypse crabs
  A black mamba (shapeshifter) (Vaults:4)
  A torpor snail (Spider:1)
  Joseph (D:7)
  2 spriggan skeletons
  2 ice statues (Zig:16)
  14 naga magi
  An eye of devastation (shapeshifter) (Zig:6)
  3 hellions (Zig:18)
  2 human zombies (Vaults:3)
  2 gargoyles
  A spiny frog (shapeshifter) (Zig:26)
  2 orange demons
  An elf skeleton (Zig:18)
  A dire elephant skeleton (Crypt:2)
  12 spiny frogs
  6 large abominations
  2 small abominations (Zig:20)
  6 centaur skeletons
  14 komodo dragons
  A kobold demonologist (D:11)
  53 yaktaurs
  13 demonic crawlers
  A komodo dragon (shapeshifter) (Vaults:5)
  A green draconian zombie (Crypt:3)
  An elf zombie (Zig:27)
  A redback zombie (Crypt:3)
  A spark wasp simulacrum (Depths:4)
  2 swamp worm zombies (Swamp:4)
  2 rime drakes
  12 freezing wraiths
  4 tormentors
  A sea snake skeleton (Crypt:3)
  2 merfolk (shapeshifter) (Zig:24)
  An ancient zyme (Abyss:2)
  A hellwing (Zig:19)
  4 guardian mummies (Zig:27)
  2 red devils (Zig:18)
  A yellow draconian skeleton (Crypt:1)
  4 hydra zombies
  6 tengu conjurers
  12 bog bodies
  An iron troll skeleton (Crypt:1)
  8 trolls
  40 jumping spiders
  2 polar bears (Lair:2)
  3 meliai (D:13)
  30 hornets
  40 slime creatures
  A wind drake (shapeshifter) (Vaults:4)
  6 blink frogs
  15 tyrant leeches
  A troll (shapeshifter) (Vaults:5)
  3 raiju (Abyss:2)
  A spectral swamp dragon (Swamp:4)
  An alligator zombie (Swamp:4)
  A stone giant simulacrum (Vaults:1)
  11 hippogriffs
  A human simulacrum (Vaults:1)
  3 air elementals
  6 flying skulls
  A centaur simulacrum (D:15)
  51 redbacks
  6 shadows
  22 yaks
  3 starcursed masses (Abyss:2)
  2 vampires
  17 wraiths
  3 ynoxinuls
  A dire elephant simulacrum (Crypt:3)
  A tarantella (shapeshifter) (Depths:2)
  25 tarantellas
  A fire dragon skeleton (Crypt:3)
  4 water elementals
  4 wyverns
  2 ushabtiu (Zig:27)
  7 humans (D:14)
  3 ettin skeletons
  5 basilisks
  2 fire bats (Abyss:2)
  A steam dragon (Lair:6)
  4 fire elementals
  2 humans (shapeshifter)
  5 hungry ghosts
  8 chaos spawn
  Grum (D:8)
  23 vampire mosquitoes
  A catoblepas simulacrum (Crypt:3)
  5 neqoxecs
  A yaktaur simulacrum (Vaults:3)
  6 wargs
  Menkaure (D:4)
  10 swamp worms
  A swamp worm (shapeshifter) (Zig:24)
  An acid dragon (Zot:4)
  15 nagas
  A soldier ant (D:10)
  13 water moccasins
  7 insubstantial wisps
  A soldier ant (shapeshifter) (Zig:24)
  2 floating eyes (shapeshifter)
  9 porcupines
  A spiny frog zombie (Crypt:1)
  2 floating eyes
  5 hell hounds
  32 orc warriors
  3 eyes of draining
  10 swamp drakes
  A black bear (Lair:3)
  2 swamp dragon zombies (Swamp:4)
  2 sky beasts
  A slave (D:8)
  2 black bears (shapeshifter)
  An eye of draining (shapeshifter) (Vaults:5)
  9 ice beasts
  8 boggarts (D:15)
  A dream sheep zombie (Crypt:3)
  7 phantoms
  5 necrophages
  An ogre (shapeshifter) (Vaults:1)
  7 wolves
  40 ogres
  A snapping turtle skeleton (Crypt:1)
  50 centaurs
  12 crocodiles
  3 big kobolds
  3 earth elementals
  15 bullfrogs
  3 scorpions
  2 troll skeletons (Crypt:3)
  10 killer bees (D:11)
  15 wights
  4 howler monkeys
  An electric eel (Spider:4)
  A bullfrog zombie (Crypt:3)
  3 lava snakes (Lair:6)
  A quasit (D:14)
  A wolf skeleton (Crypt:1)
  7 crimson imps
  28 orc priests
  A basilisk skeleton (Crypt:2)
  3 bullfrog skeletons
  4 hounds
  5 jellies
  5 iguanas
  6 worker ants
  13 orc wizards
  A spectral swamp drake (Swamp:4)
  4 hell rats
  A bullfrog simulacrum (D:7)
  2 hound skeletons
  9 mummies (Zig:27)
  A worker ant zombie (D:8)
  A howler monkey zombie (Crypt:2)
  2 gnolls
  A howler monkey skeleton (D:9)
  10 adders
  A swamp drake zombie (Swamp:4)
  4 shadow imps
  2 white imps (D:7)
  A worker ant simulacrum (D:7)
  An ooze (D:5)
  2 adder skeletons
  A worm (D:4)
  2 dart slugs
  An adder simulacrum (D:7)
  7 leopard geckos
  91 orcs
  5 ball pythons
  5 giant cockroaches
  8 goblins
  7 hobgoblins
  7 jackals
  7 quokkas
  5 bats
  4 frilled lizards (D:3)
  A frilled lizard skeleton (Crypt:1)
  A goblin skeleton (Crypt:2)
  A jackal zombie (Crypt:3)
  22 kobolds
  A leopard gecko simulacrum (D:7)
  A leopard gecko skeleton (D:4)
  4 rats
  A rat zombie (Crypt:3)
  2 bushes (D:15)
  9 crawling corpses
  A plant (D:4)
2822 creatures vanquished.

Vanquished Creatures (collateral kills)
  2 orbs of fire
  4 pandemonium lords (Zig:24)
  A juggernaut (Zig:16)
  6 ancient liches
  A greater mummy (Zig:27)
  7 Killer Klowns
  A curse toe (Crypt:3)
  9 golden dragons
  A pearl dragon (Zig:11)
  2 Brimstone Fiends
  8 tentacled monstrosities
  4 bone dragons
  An iron giant (Zig:16)
  12 Orb Guardians (Zot:5)
  Asterion (Vaults:3)
  A titan (Zig:26)
  2 quicksilver dragons
  2 death cobs
  2 ancient champions
  2 acid blobs (Zig:12)
  A tengu reaver (Depths:1)
  3 storm dragons
  An azure jelly (Zig:12)
  3 nagarajas
  3 fire giants
  4 shadow dragons
  A frost giant (Depths:4)
  3 vault wardens
  A caustic shrike zombie (Zig:18)
  2 curse skulls
  2 balrugs
  A draconian annihilator (Zig:4)
  A warmonger (Zig:17)
  2 ironheart preservers
  2 emperor scorpions
  3 draconian shifters
  A draconian stormcaller (Depths:5)
  A caustic shrike skeleton (Zig:18)
  A war gargoyle (Zig:26)
  2 spriggan defenders
  4 very ugly things
  2 green draconians
  2 stone giants
  A vampire knight (Zig:23)
  A bennu (Zig:27)
  A deep elf annihilator (Depths:4)
  2 yellow draconians
  A white draconian (Zot:3)
  6 red draconians
  4 purple draconians
  An ettin (Zig:26)
  A green death (Zig:17)
  An eidolon (Zig:8)
  A deep elf death mage (Zig:23)
  8 fire dragons
  3 yaktaur captains
  Erolcha (Orc:2)
  A hydra (D:13)
  A great orb of eyes (shapeshifter) (Zig:26)
  2 vault guards (Vaults:1)
  A great orb of eyes (Depths:4)
  A spriggan air mage (Depths:5)
  An anaconda (Zig:13)
  2 naga warriors (Zig:13)
  2 shambling mangroves
  A two-headed ogre (Orc:2)
  An orc high priest (Orc:2)
  A titan zombie (Zig:18)
  2 tengu warriors
  2 spriggan berserkers (Depths:5)
  6 hell knights
  2 naga sharpshooters
  2 salamander mystics
  A deep elf knight (Vaults:1)
  4 skeletal warriors
  An iron troll (shapeshifter) (Zig:6)
  2 cherubim (Zig:11)
  A deep troll (Vaults:1)
  A spectral hydra (Swamp:4)
  Pikel (D:8)
  An obsidian statue (Zig:16)
  2 naga ritualists
  A glowing orange brain (Zig:12)
  An ironbrand convoker (Vaults:3)
  An orc knight (Vaults:1)
  3 salamanders
  3 necromancers
  An oklob plant (Lair:3)
  2 deep elf magi (Vaults:2)
  3 ugly things
  4 wolf spiders
  2 cyclopes
  A faun (Zig:21)
  A black mamba (shapeshifter) (Vaults:1)
  7 elephants
  3 moths of wrath
  3 black mambas
  6 apocalypse crabs
  A vault sentinel (Vaults:2)
  2 naga magi
  2 smoke demons
  2 spiny frogs
  An elf skeleton (Zig:18)
  6 yaktaurs
  A hellion (Zig:18)
  3 demonic crawlers
  An efreet (D:13)
  3 swamp worm zombies (Swamp:4)
  2 komodo dragons (Lair:6)
  A red devil (Depths:2)
  7 hornets
  A troll (D:12)
  2 polar bears (Lair:2)
  2 blink frogs (Lair:2)
  8 slime creatures
  A redback (Spider:2)
  A shadow (D:13)
  4 spriggans
  3 wraiths
  A tarantella (Spider:1)
  9 yaks
  2 basilisks (Lair:6)
  2 steam dragons (Lair:6)
  A vampire mosquito (Swamp:4)
  A warg (Vaults:4)
  A swamp worm (Swamp:2)
  A hell hound (Lair:6)
  A water moccasin (Lair:2)
  An ice beast (D:12)
  A swamp drake (Lair:2)
  A black bear (shapeshifter) (Vaults:2)
  A slave (D:8)
  3 phantoms
  15 orc warriors
  A swamp dragon zombie (Swamp:4)
  3 eyes of draining
  3 wolves (Lair:3)
  4 centaurs
  A crocodile (Lair:2)
  3 bullfrogs
  A scorpion (D:6)
  A killer bee (D:12)
  A howler monkey (D:4)
  A gnoll shaman (D:3)
  6 orc priests (Orc:2)
  An orc wizard (Orc:1)
  2 iguanas
  A worker ant (D:12)
  An adder (shapeshifter) (Zig:26)
  A worm (D:4)
  21 orcs
  A hobgoblin (D:3)
  A jackal simulacrum (D:7)
  2 fungi
  A plant (Lair:6)
383 creatures vanquished.

Vanquished Creatures (others)
  A pandemonium lord (Zig:14)
  A deep elf master archer (Zig:20)
  A tengu reaver (Depths:5)
  A balrug (Zig:17)
  2 stone giants
  A red draconian (Zot:4)
  A vault guard (D:14)
  A dancing weapon (Elf:2)
  An unseen horror (D:14)
  A moth of wrath (Zot:3)
  A wolf spider (Spider:1)
  A black mamba (Lair:6)
  An apocalypse crab (Zig:24)
  A vault sentinel (Zig:26)
  A spriggan (Depths:5)
  A redback (shapeshifter) (Zig:24)
  A water elemental (Elf:2)
  A water moccasin (shapeshifter) (Zig:24)
  A soldier ant (D:12)
  An ogre (Vaults:5)
  2 killer bees (D:12)
  4 ball lightnings (Depths:4)
  4 orcs
  2 giant cockroaches (Swamp:4)
  2 blocks of ice (Zig:14)
  39 fire vortices
  7 fungi
  A lurking horror (Abyss:2)
  8 plants
  4 starspawn tentacles (Abyss:2)
  5 toadstools (D:3)
  6 withered plants (Depths:4)
105 creatures vanquished.

Grand Total: 3310 creatures vanquished

Notes
Turn   | Place    | Note
-------+----------+-------------------------------------------
     0 | D:1      | Redear the Demigod Wizard began the quest for the Orb.
     0 | D:1      | Reached XP level 1. HP: 14/14 MP: 6/6
    30 | D:1      | Reached skill level 1 in Conjurations
   199 | D:1      | Reached skill level 3 in Spellcasting
   199 | D:1      | Reached XP level 2. HP: 15/20 MP: 1/8
  1117 | D:1      | Reached skill level 2 in Conjurations
  1437 | D:2      | Reached XP level 3. HP: 26/26 MP: 2/10
  1621 | D:2      | Learned a level 2 spell: Call Imp
  1624 | D:2      | Learned a level 2 spell: Blink
  1628 | D:2      | Learned a level 3 spell: Conjure Flame
  1725 | D:2      | Found a faded altar of an unknown god.
  1947 | D:2      | Found a glowing golden altar of the Shining One.
  1947 | D:2      | Found a snail-covered altar of Cheibriados.
  2013 | D:3      | Reached skill level 1 in Summonings
  2162 | D:3      | Reached skill level 1 in Translocations
  2503 | D:3      | Reached XP level 4. HP: 33/33 MP: 8/12
  2546 | D:3      | Found a shattered altar of Ashenzari.
  2573 | D:3      | Found a hazy altar of Hepliaklqana.
  2614 | D:3      | Found a sacrificial altar of Ru.
  3085 | D:4      | Noticed an ogre
  3331 | D:4      | Reached XP level 5. HP: 36/38 MP: 3/13
  3361 | D:4      | Noticed a phantom
  3405 | D:4      | Reached skill level 3 in Conjurations
  3549 | D:4      | Noticed an orc warrior
  3675 | D:4      | Killed a phantom
  3675 | D:4      | Reached skill level 4 in Spellcasting
  3675 | D:4      | Reached skill level 2 in Summonings
  3675 | D:4      | Reached skill level 2 in Translocations
  4124 | D:4      | Reached XP level 6. HP: 45/45 MP: 9/15
  4477 | D:4      | Learned a level 3 spell: Mephitic Cloud
  4565 | D:4      | Noticed Menkaure
  4654 | D:4      | HP: 4/67 [Menkaure (9)]
  4659 | D:4      | Killed Menkaure
  4659 | D:4      | Reached skill level 4 in Conjurations
  5053 | D:4      | Reached XP level 7. HP: 50/50 MP: 10/17
  5188 | D:4      | Paralysed by an orc for 6 turns
  5194 | D:4      | Reached skill level 5 in Spellcasting
  5562 | D:4      | Got an ichor-stained short sword
  5563 | D:4      | Identified the +7 short sword of Okawaru's Wrath {flame,
                  | rC+ Int+2 Dex+3} (You found it on level 4 of the Dungeon)
  5585 | D:5      | Entered Level 5 of the Dungeon
  5724 | D:5      | Reached skill level 5 in Conjurations
  6470 | D:6      | Reached skill level 6 in Spellcasting
  6603 | D:6      | Found a staircase to the Ecumenical Temple.
  6675 | D:6      | Reached XP level 8. HP: 37/57 MP: 11/20
  6822 | D:6      | Reached skill level 6 in Conjurations
  7692 | D:6      | Reached skill level 7 in Spellcasting
  7692 | D:6      | Reached skill level 7 in Conjurations
  7703 | D:7      | Noticed Joseph
  8083 | D:7      | Reached skill level 1 in Fire Magic
  8083 | D:7      | Reached skill level 1 in Air Magic
  8083 | D:7      | Reached skill level 1 in Poison Magic
  8450 | D:7      | Found a runed translucent gate.
  8450 | D:7      | Found a runed translucent gate.
  8471 | D:7      | Noticed SpaceButler's ghost (novice GrEE)
  8501 | D:7      | Found a runed translucent gate.
  8787 | D:7      | Reached skill level 1 in Short Blades
  8801 | D:7      | Reached skill level 2 in Fire Magic
  8801 | D:7      | Reached skill level 2 in Air Magic
  8801 | D:7      | Reached skill level 2 in Poison Magic
  8801 | D:7      | Reached XP level 9. HP: 62/62 MP: 6/23
  9167 | D:8      | Noticed Harold
  9321 | D:7      | Reached skill level 2 in Short Blades
  9357 | D:7      | HP: 4/62 [Joseph/sling bullet (14)]
  9701 | D:8      | Found Nyit's Food Shoppe.
  9714 | D:8      | Noticed Grum
  9715 | D:8      | Reached skill level 3 in Fire Magic
  9715 | D:8      | Reached skill level 3 in Air Magic
 10218 | D:7      | Killed Joseph
 10404 | D:8      | Killed Harold
 10404 | D:8      | Reached skill level 8 in Spellcasting
 10465 | D:8      | Got a transparent scale mail
 10574 | D:8      | Learned a level 1 spell: Animate Skeleton
 10576 | D:8      | Learned a level 1 spell: Apportation
 10592 | D:8      | Killed Grum
 10592 | D:8      | Reached skill level 9 in Spellcasting
 10802 | D:8      | Noticed Pikel
 10851 | D:8      | Killed Pikel
 11136 | D:8      | Found a runed translucent gate.
 11136 | D:8      | Found a runed translucent gate.
 11136 | D:8      | Found a runed translucent gate.
 11136 | D:8      | Noticed P0WERM0DE's ghost (novice MiFi)
 11322 | D:8      | Reached XP level 10. HP: 65/69 MP: 13/27
 11425 | D:8      | Found a deep blue altar of Sif Muna.
 12202 | D:9      | Got a bone war axe
 12263 | D:9      | Reached skill level 10 in Spellcasting
 12368 | D:9      | Killed an unseen horror
 12914 | D:9      | Reached skill level 8 in Conjurations
 13103 | D:9      | Learned a level 1 spell: Sandblast
 13117 | D:10     | Entered Level 10 of the Dungeon
 13142 | D:10     | Found the +3 crown of Dyrovepreva {rElec Int+2 SInv}
 13187 | D:10     | Found a staircase to the Lair.
 13253 | D:10     | Reached skill level 1 in Earth Magic
 13453 | D:10     | Reached skill level 2 in Earth Magic
 13461 | D:10     | Reached skill level 3 in Earth Magic
 14149 | D:10     | Found Efausaut's Assorted Antiques.
 14152 | D:10     | Bought a scroll labeled JUSEADO JAPRO for 39 gold pieces
 14152 | D:10     | Bought an emerald potion for 35 gold pieces
 14152 | D:10     | Bought a scroll labeled UCHAT OLEONGIM for 39 gold pieces
 14152 | D:10     | Bought a scroll labeled PEN CED UMOROI for 39 gold pieces
 14485 | D:10     | Found a blossoming altar of Fedhas.
 14573 | D:10     | Bought a tubular agate ring for 195 gold pieces
 14591 | D:11     | Noticed a cyclops
 14601 | D:11     | Reached skill level 9 in Conjurations
 14617 | D:11     | Killed a cyclops
 14665 | D:11     | Identified the +4 war axe "Eniasene" {chop, rN+ MR+++ Dex-2
                  | Stlth+} (You found it on level 9 of the Dungeon)
 15592 | D:11     | Found a staircase to the Orcish Mines.
 15722 | D:11     | Reached XP level 11. HP: 74/74 MP: 19/29
 15759 | D:11     | Reached skill level 10 in Conjurations
 16674 | D:11     | Reached skill level 4 in Earth Magic
 16736 | D:11     | Reached skill level 5 in Earth Magic
 17142 | D:12     | Reached skill level 6 in Earth Magic
 17206 | D:12     | Reached skill level 1 in Evocations
 17232 | D:12     | Learned a level 4 spell: Summon Lightning Spire
 17248 | D:12     | Reached skill level 2 in Evocations
 17408 | D:12     | Learned a level 5 spell: Lee's Rapid Deconstruction
 17430 | D:12     | Reached skill level 3 in Evocations
 17524 | D:12     | Reached skill level 4 in Evocations
 18040 | D:12     | Found a shimmering altar of Xom.
 18260 | D:13     | Reached skill level 3 in Summonings
 18329 | Lair:1   | Entered Level 1 of the Lair of Beasts
 18342 | Lair:1   | Identified the cursed +1 scale mail of Liorghac {Dex+2}
                  | (You found it on level 8 of the Dungeon)
 18486 | Lair:1   | Reached skill level 4 in Air Magic
 18626 | Lair:1   | Reached skill level 4 in Summonings
 18920 | Lair:1   | Reached skill level 5 in Evocations
 19468 | Lair:2   | Noticed Urug
 19592 | Lair:2   | Killed Urug
 19668 | Lair:2   | Reached skill level 6 in Evocations
 19672 | Lair:2   | Reached skill level 2 in Dodging
 19673 | Lair:2   | Reached skill level 1 in Fighting
 19673 | Lair:2   | Reached skill level 1 in Shields
 19673 | Lair:2   | Reached XP level 12. HP: 41/83 MP: 7/30
 19958 | Lair:2   | Reached skill level 2 in Fighting
 19958 | Lair:2   | Reached skill level 2 in Shields
 20002 | Lair:2   | Reached skill level 3 in Dodging
 20073 | Lair:2   | Found a staircase to the Swamp.
 20315 | Lair:3   | Got a pair of warped boots
 20321 | Lair:3   | Identified the +3 pair of boots of Naet {rCorr} (You found
                  | it on level 3 of the Lair of Beasts)
 20471 | Swamp:1  | Entered Level 1 of the Swamp
 20619 | Lair:3   | Reached skill level 3 in Fighting
 20619 | Lair:3   | Reached skill level 3 in Shields
 20708 | Lair:3   | Reached skill level 4 in Dodging
 20943 | Lair:3   | Reached skill level 4 in Fighting
 20943 | Lair:3   | Reached skill level 4 in Shields
 21002 | Lair:3   | Found a hole to the Spider Nest.
 21576 | Lair:4   | Reached skill level 5 in Dodging
 22106 | Lair:4   | Noticed an eight-headed hydra
 22117 | Lair:4   | Killed an eight-headed hydra
 22495 | Lair:5   | Reached skill level 5 in Fighting
 22495 | Lair:5   | Reached skill level 5 in Shields
 22496 | Lair:5   | Found a dark tunnel.
 22503 | Volcano  | Entered a volcano
 22622 | Volcano  | Noticed a red draconian
 22647 | Volcano  | Killed a red draconian
 22772 | Volcano  | Noticed a centaur warrior
 22776 | Volcano  | Killed a centaur warrior
 23078 | Lair:5   | You fall through a shaft!
 23078 | Lair:6   | Entered Level 6 of the Lair of Beasts
 23190 | Lair:5   | Reached skill level 6 in Dodging
 23194 | Lair:5   | Found a staircase to the Slime Pits.
 23195 | Lair:5   | Found a viscous altar of Jiyva.
 23263 | Lair:5   | Noticed an eight-headed hydra
 23282 | Lair:5   | Killed an eight-headed hydra
 23333 | Lair:5   | Reached XP level 13. HP: 82/102 MP: 23/31
 23825 | Lair:6   | Reached skill level 6 in Fighting
 23834 | Lair:6   | Reached skill level 6 in Shields
 24794 | Lair:6   | Found a large runed translucent door.
 24797 | Lair:6   | Found a large runed translucent door.
 24869 | Lair:6   | Reached skill level 11 in Spellcasting
 25468 | Lair:2   | Got a scintillating wooden ring
 25471 | Lair:2   | Identified the ring "Veyjec" {MR+ MP+9} (You acquired it on
                  | level 2 of the Lair of Beasts)
 25633 | Orc:1    | Entered Level 1 of the Orcish Mines
 26288 | Orc:2    | Entered Level 2 of the Orcish Mines
 26560 | Orc:2    | Reached skill level 12 in Spellcasting
 26656 | Orc:2    | Noticed Erolcha
 26741 | Orc:2    | Killed Erolcha
 27302 | Orc:2    | Noticed an orc warlord
 27368 | Orc:2    | Killed an orc warlord
 27520 | Orc:2    | Found Jafecs's Book Shoppe.
 27586 | Orc:2    | Bought a book of Flames for 350 gold pieces
 27594 | Orc:2    | Learned a level 5 spell: Fireball
 27760 | Orc:2    | Found a roughly hewn altar of Beogh.
 28008 | Orc:2    | Found a staircase to the Elven Halls.
 28124 | Orc:2    | Reached skill level 4 in Fire Magic
 28307 | Orc:2    | Found Sutram's General Store.
 28428 | Orc:2    | Bought a scroll of identify for 28 gold pieces
 28428 | Orc:2    | Bought a scroll of identify for 28 gold pieces
 28428 | Orc:2    | Bought a scroll of identify for 28 gold pieces
 28428 | Orc:2    | Bought a potion of heal wounds for 70 gold pieces
 28497 | Orc:2    | Found Tahoypt's Food Boutique.
 28500 | Orc:2    | Reached skill level 5 in Fire Magic
 28527 | Orc:2    | Found Qichiage's Antique Armour Shop.
 28573 | Orc:2    | Found a roughly hewn altar of Beogh.
 28710 | Orc:2    | Noticed a stone giant
 28744 | Orc:2    | Killed a stone giant
 28923 | Orc:2    | Reached XP level 14. HP: 87/110 MP: 35/35
 28929 | Orc:2    | Reached skill level 6 in Fire Magic
 29153 | Orc:1    | Found a roughly hewn altar of Beogh.
 29346 | Orc:2    | Bought a book of the Dragon for 900 gold pieces
 29565 | D:7      | Killed SpaceButler's ghost
 29786 | D:8      | Killed P0WERM0DE's ghost
 29923 | D:13     | Reached skill level 7 in Fire Magic
 30284 | D:13     | Noticed Jorgrun
 30536 | D:13     | Killed Jorgrun
 30536 | D:13     | Reached skill level 8 in Fire Magic
 31162 | D:13     | Reached skill level 9 in Fire Magic
 31512 | D:13     | Reached skill level 13 in Spellcasting
 31512 | D:13     | Reached XP level 15. HP: 105/115 MP: 37/37
 32169 | D:14     | Reached skill level 10 in Fire Magic
 32470 | D:14     | Found a gate to the Vaults.
 33000 | D:14     | Learned a level 6 spell: Bolt of Fire
 33005 | D:14     | Learned a level 4 spell: Cause Fear
 33217 | D:15     | Entered Level 15 of the Dungeon
 33223 | D:15     | Reached skill level 1 in Hexes
 33241 | D:14     | Learned a level 3 spell: Stone Arrow
 33506 | D:14     | Reached skill level 2 in Hexes
 33568 | D:15     | Reached skill level 14 in Spellcasting
 33785 | D:15     | Reached skill level 11 in Fire Magic
 33950 | D:15     | Reached skill level 3 in Hexes
 34300 | D:15     | Reached XP level 16. HP: 122/122 MP: 36/39
 34863 | D:15     | Reached skill level 4 in Hexes
 35008 | D:15     | Found a staircase to the Depths.
 35435 | D:10     | Learned a level 4 spell: Summon Ice Beast
 37228 | Swamp:2  | Reached skill level 12 in Fire Magic
 37840 | Swamp:2  | Reached skill level 15 in Spellcasting
 37864 | Swamp:2  | Learned a level 6 spell: Statue Form
 38011 | Swamp:2  | Reached skill level 1 in Transmutations
 38052 | Swamp:2  | Reached skill level 2 in Transmutations
 38926 | Swamp:3  | Reached skill level 3 in Transmutations
 38991 | Swamp:3  | Reached skill level 4 in Transmutations
 39617 | Swamp:4  | Entered Level 4 of the Swamp
 39635 | Swamp:4  | Reached skill level 5 in Transmutations
 40084 | Swamp:4  | Reached skill level 6 in Transmutations
 40295 | Swamp:4  | Found the +11 plutonium sword {*Contam Stlth-}
 40384 | Swamp:4  | Reached skill level 7 in Transmutations
 41748 | Swamp:4  | Noticed a bone dragon
 41812 | Swamp:4  | Killed a bone dragon
 41812 | Swamp:4  | Reached skill level 7 in Fighting
 42061 | Swamp:4  | Got a decaying rune of Zot
 42289 | Spider:1 | Entered Level 1 of the Spider Nest
 42330 | Spider:1 | Reached skill level 7 in Dodging
 42377 | Lair:3   | Reached XP level 17. HP: 28/132 MP: 1/41
 43711 | Spider:1 | Got a dazzling ring mail
 43722 | Spider:1 | Identified the +1 ring mail of Komeec {Int+7} (You found it
                  | on level 1 of the Spider Nest)
 43738 | Spider:1 | Reached skill level 8 in Fighting
 43937 | Spider:1 | Reached skill level 8 in Dodging
 44073 | Spider:1 | Found a transporter.
 44076 | Spider:1 | Found a transporter.
 44080 | Spider:1 | Found a transporter.
 44117 | Spider:1 | Found a transporter.
 44132 | Spider:1 | Found a transporter.
 44691 | Spider:2 | Noticed Arachne
 44907 | Spider:1 | Killed Arachne
 44907 | Spider:1 | Reached skill level 9 in Fighting
 45034 | Spider:2 | Reached skill level 9 in Dodging
 46294 | Spider:3 | Got a slimy flail
 46295 | Spider:3 | Identified the +6 flail of Beus {elec, Stlth+} (You found
                  | it on level 3 of the Spider Nest)
 47098 | Spider:4 | Entered Level 4 of the Spider Nest
 47256 | Spider:4 | Reached skill level 10 in Fighting
 47527 | Spider:4 | Reached skill level 10 in Dodging
 48360 | Spider:4 | Reached skill level 8 in Transmutations
 49339 | Spider:4 | Reached skill level 9 in Transmutations
 49880 | Spider:4 | Got a gossamer rune of Zot
 50948 | Vaults:1 | Entered Level 1 of the Vaults
 50953 | Vaults:1 | Reached skill level 10 in Transmutations
 50968 | Vaults:1 | Reached XP level 18. HP: 147/147 MP: 2/42
 51913 | Vaults:1 | Reached skill level 11 in Transmutations
 52592 | Vaults:1 | Reached skill level 12 in Transmutations
 52598 | Vaults:1 | Reached skill level 1 in Unarmed Combat
 52605 | Vaults:1 | Reached skill level 2 in Unarmed Combat
 52818 | Vaults:1 | Reached skill level 3 in Unarmed Combat
 52856 | Vaults:1 | Reached skill level 4 in Unarmed Combat
 53578 | Vaults:2 | Reached skill level 5 in Unarmed Combat
 53825 | Vaults:2 | Reached skill level 6 in Unarmed Combat
 55005 | Vaults:2 | Reached skill level 13 in Transmutations
 56039 | Vaults:2 | Reached XP level 19. HP: 154/154 MP: 27/44
 56213 | Vaults:2 | Learned a level 7 spell: Dragon Form
 56496 | Vaults:2 | Noticed a bone dragon
 56497 | Vaults:2 | Found a staircase to the Crypt.
 56947 | Vaults:2 | Killed a bone dragon
 56947 | Vaults:2 | Reached skill level 16 in Spellcasting
 57247 | Vaults:3 | Reached skill level 7 in Unarmed Combat
 57248 | Vaults:3 | Noticed Asterion
 57497 | Vaults:3 | Reached skill level 8 in Unarmed Combat
 57932 | Vaults:3 | Killed Asterion
 58200 | Vaults:3 | Reached skill level 9 in Unarmed Combat
 58358 | Vaults:3 | Noticed Boris
 58568 | Vaults:2 | Killed Boris
 59160 | Vaults:3 | Reached skill level 10 in Unarmed Combat
 59724 | Vaults:3 | Noticed Mara
 59728 | Vaults:3 | Noticed Redear's illusion
 60151 | Vaults:3 | Reached skill level 11 in Unarmed Combat
 61304 | Vaults:4 | Reached skill level 12 in Unarmed Combat
 61698 | Vaults:4 | Found Veiker's Book Emporium.
 61708 | Vaults:4 | Bought a manual of Spellcasting for 1435 gold pieces
 61710 | Vaults:4 | Bought a book of Power for 585 gold pieces
 61951 | Vaults:3 | Noticed Redear's illusion
 62131 | Crypt:1  | Entered Level 1 of the Crypt
 62286 | Vaults:2 | Learned a level 5 spell: Irradiate
 62418 | Crypt:1  | Gained mutation: You are occasionally teleported next to
                  | monsters. [mutagenic glow]
 62421 | Vaults:2 | Lost mutation: You are occasionally teleported next to
                  | monsters. [potion of mutation]
 62421 | Vaults:2 | Gained mutation: You are somewhat resistant to further
                  | mutation. [potion of mutation]
 62421 | Vaults:2 | Gained mutation: Scrolls take you a little longer to read.
                  | [potion of mutation]
 62421 | Vaults:2 | Gained mutation: You passively map a small area around you.
                  | [potion of mutation]
 62481 | Crypt:1  | Got a twisted robe
 62484 | Crypt:1  | Identified the +1 robe of Pyffuclez {Regen+ MP+9 Int+2}
                  | (You found it on level 1 of the Crypt)
 62823 | Crypt:1  | Reached skill level 17 in Spellcasting
 63375 | Crypt:1  | Reached XP level 20. HP: 161/161 MP: 47/47
 63573 | Crypt:1  | Got an agate-studded leather armour
 63584 | Crypt:1  | Identified the +1 leather armour "Hohier" {*Corrode rN+ MR+
                  | Dex+2} (You found it on level 1 of the Crypt)
 63619 | Crypt:2  | Noticed Boris
 63628 | Crypt:1  | Killed Boris
 64180 | Crypt:2  | Reached skill level 18 in Spellcasting
 65388 | Crypt:3  | Entered Level 3 of the Crypt
 65399 | Crypt:3  | Reached skill level 19 in Spellcasting
 65624 | Crypt:3  | Lost mutation: Scrolls take you a little longer to read.
                  | [potion of mutation]
 65624 | Crypt:3  | Lost mutation: You are somewhat resistant to further
                  | mutation. [potion of mutation]
 65624 | Crypt:3  | Lost mutation: You passively map a small area around you.
                  | [potion of mutation]
 65624 | Crypt:3  | Gained mutation: You are resistant to hostile enchantments.
                  | (MR+) [potion of mutation]
 65624 | Crypt:3  | Gained mutation: You are somewhat resistant to further
                  | mutation. [potion of mutation]
 65883 | Crypt:3  | Noticed a bone dragon
 65902 | Crypt:3  | Killed a bone dragon
 65931 | Crypt:3  | Noticed a curse toe
 66070 | Crypt:3  | Killed a curse toe
 66207 | Crypt:3  | Reached skill level 13 in Fire Magic
 66458 | Crypt:3  | Found the +3 robe of Clouds {+Thunder rCloud rElec}
 66774 | Crypt:3  | Found the ring of Shadows {Umbra +Inv Stlth+}
 66783 | Crypt:3  | Noticed Sojobo
 66807 | Crypt:3  | Killed Sojobo
 66813 | Crypt:3  | Reached skill level 14 in Fire Magic
 67089 | Crypt:3  | Found a staircase to the Tomb.
 67336 | Crypt:3  | Noticed an ancient lich
 67474 | Crypt:3  | Identified the Incunabulum of Evil Rituals
 67490 | Crypt:3  | Identified A Thorough Guide to Magic
 67508 | Crypt:3  | Learned a level 8 spell: Ignition
 67854 | Crypt:3  | Killed an ancient lich
 68073 | Depths:1 | Entered Level 1 of the Depths
 68512 | Depths:1 | Found a gateway to Hell.
 68544 | Depths:1 | Found a one-way gate to the infinite horrors of the Abyss.
 68935 | Depths:1 | Reached skill level 15 in Fire Magic
 69335 | Depths:1 | Reached XP level 21. HP: 155/168 MP: 32/50
 70326 | Depths:2 | Reached skill level 16 in Fire Magic
 70341 | Depths:2 | Found a gateway to a ziggurat.
 70633 | Depths:2 | Noticed Boris
 70651 | Depths:2 | Killed Boris
 70652 | Depths:2 | HP: 11/168 [purple very ugly thing (15)]
 71355 | Depths:2 | Found a one-way gate leading to the halls of Pandemonium.
 71531 | Depths:2 | Reached skill level 17 in Fire Magic
 71918 | Depths:2 | Cast into level 2 of the Abyss (hell knight)
 72429 | Depths:2 | Escaped the Abyss
 72677 | Depths:2 | Noticed a caustic shrike
 72679 | Depths:2 | Reached skill level 18 in Fire Magic
 72687 | Depths:2 | Killed a caustic shrike
 72796 | Depths:2 | Noticed a golden dragon
 72812 | Depths:2 | Killed a golden dragon
 73963 | Depths:3 | Reached XP level 22. HP: 139/177 MP: 51/51
 74049 | Depths:3 | Reached skill level 11 in Fighting
 74246 | Depths:3 | Found the +6 shillelagh "Devastator" {shatter}
 74353 | Depths:3 | Identified the cursed +1 scythe of Disgust {freeze, *Contam
                  | *Corrode rC+ Dex+10}
 75086 | Depths:4 | Reached skill level 13 in Unarmed Combat
 75948 | Elf:1    | Entered Level 1 of the Elven Halls
 76164 | Elf:1    | Identified Ceith's Collected Works on Confrontation
 76427 | Elf:1    | You fall through a shaft!
 76463 | Elf:2    | Reached skill level 12 in Fighting
 76623 | Elf:2    | Found a runed translucent gate.
 76623 | Elf:2    | Found a runed translucent gate.
 76623 | Elf:2    | Found a runed translucent gate.
 76703 | Elf:2    | Noticed Donald
 76715 | Elf:2    | Killed Donald
 76787 | Elf:2    | Found Sutroaf's Jewellery Boutique.
 76801 | Elf:2    | Found a flickering gateway to a bazaar.
 76831 | Bazaar   | Entered a bazaar
 76845 | Bazaar   | Found Yshroff's General Store.
 76851 | Bazaar   | Bought a potion of heal wounds for 55 gold pieces
 76851 | Bazaar   | Bought a scroll of identify for 22 gold pieces
 76851 | Bazaar   | Bought a scroll of magic mapping for 38 gold pieces
 76868 | Bazaar   | Found Baseh's Jewellery Shoppe.
 76868 | Bazaar   | Found Gohublemiw's Antique Weapon Emporium.
 76879 | Bazaar   | Bought a +5 ring of evasion for 660 gold pieces
 76890 | Bazaar   | Found Afaginti's Antique Armour Shoppe.
 76890 | Bazaar   | Found Jeapagg's Jewellery Emporium.
 76922 | Bazaar   | Bought a twisted robe for 114 gold pieces
 76926 | Bazaar   | Identified the +1 robe of Fedhas's Fury {Regen+ Dex+3} (You
                  | bought it in a shop in a bazaar)
 76930 | Bazaar   | Bought an uncursed ring of protection from cold for 275
                  | gold pieces
 76993 | Elf:2    | Found Boimux's General Store.
 77143 | Elf:2    | Found Irasta Lile's Magic Scroll Boutique.
 77146 | Elf:2    | Found Xelaosk's Book Shoppe.
 77150 | Elf:2    | Bought a scroll of magic mapping for 59 gold pieces
 77174 | Elf:2    | Bought a scroll of fear for 59 gold pieces
 77174 | Elf:2    | Bought a scroll of teleportation for 51 gold pieces
 77174 | Elf:2    | Bought a scroll of identify for 34 gold pieces
 77174 | Elf:2    | Bought a scroll of identify for 34 gold pieces
 77174 | Elf:2    | Bought a scroll of identify for 34 gold pieces
 77174 | Elf:2    | Bought a scroll of teleportation for 51 gold pieces
 77312 | Elf:2    | Reached skill level 14 in Unarmed Combat
 77483 | Elf:3    | Entered Level 3 of the Elven Halls
 77896 | Elf:3    | Found Aritz's Armour Boutique.
 77921 | Elf:3    | Bought a +0 pair of gloves of strength for 184 gold pieces
 78323 | Elf:3    | Reached skill level 13 in Fighting
 78510 | Elf:3    | Identified the +8 halberd "Erroiroz" {protect, rC++ Str-3}
 78512 | Elf:3    | Identified the cursed +1 scale mail "Rudilloz" {rElec Int-5
                  | Stlth+}
 78702 | Elf:3    | Reached skill level 15 in Unarmed Combat
 78713 | Elf:3    | Identified the Reference Book on Supportive Protection
 78730 | Elf:3    | Identified the ring "Ponekk" {rElec rN+ Str+3 Int+4 Dex-5
                  | Stlth-}
 78775 | Elf:3    | Identified the ring of Muepir {Ice +Blink rN+ MP+9}
 78806 | Elf:3    | Identified the Incunabulum of Lucky Companions
 79552 | Vaults:5 | Entered Level 5 of the Vaults
 79553 | Vaults:5 | Reached skill level 16 in Unarmed Combat
 79555 | Vaults:5 | Reached XP level 23. HP: 151/192 MP: 45/52
 79558 | Vaults:5 | Reached skill level 7 in Evocations
 79559 | Vaults:5 | Reached skill level 8 in Evocations
 79561 | Vaults:5 | Reached skill level 9 in Evocations
 79562 | Vaults:5 | Noticed an ancient lich
 79776 | Vaults:5 | Reached skill level 10 in Evocations
 79778 | Vaults:5 | HP: 16/192 [shadow dragon (7)]
 79778 | Vaults:5 | HP: 3/192 [shadow dragon (13)]
 80052 | Vaults:5 | Reached skill level 11 in Evocations
 80064 | Vaults:5 | HP: 22/249 [vault warden/+1 bardiche of protection (13)]
 80164 | Vaults:5 | Reached skill level 12 in Evocations
 80381 | Vaults:5 | Reached skill level 13 in Evocations
 80621 | Vaults:5 | Reached skill level 5 in Summonings
 80641 | Vaults:5 | Killed an ancient lich
 80641 | Vaults:5 | Reached skill level 6 in Summonings
 80717 | Vaults:5 | Reached skill level 7 in Summonings
 80771 | Vaults:5 | Identified the cursed +0 fire dragon scales "Obey" {rF++
                  | rC- rN+}
 81086 | Vaults:5 | Reached skill level 8 in Summonings
 81146 | Vaults:5 | Identified Puhowaudig's Grimoire of the Twisted Glacier
 81248 | Vaults:5 | Identified the +3 morningstar of Posecoef {freeze, Str-5
                  | Int+8 Dex+4 Stlth+}
 81416 | Vaults:5 | Reached skill level 9 in Summonings
 81418 | Vaults:5 | Identified the ring of the Exiled Nights {rF+ Int+6}
 81562 | Vaults:5 | Got a silver rune of Zot
 82020 | Vaults:5 | Learned a level 7 spell: Spellforged Servitor
 82026 | Vaults:5 | Reached skill level 10 in Summonings
 82040 | Vaults:5 | Learned a level 7 spell: Orb of Destruction
 82044 | Vaults:5 | Learned a level 3 spell: Regeneration
 82341 | Vaults:3 | Killed Mara
 82654 | Depths:3 | Learned a level 6 spell: Iron Shot
 83013 | Depths:4 | Reached skill level 11 in Conjurations
 83047 | Depths:4 | Reached XP level 24. HP: 200/200 MP: 52/52
 83074 | Depths:4 | You fall through a shaft!
 83074 | Depths:5 | Entered Level 5 of the Depths
 83146 | Depths:5 | Upgraded the game from 0.24-a0-279-ga7546fe674 to
                  | 0.24-a0-282-g1a68c911f0
 83235 | Depths:5 | Reached skill level 12 in Conjurations
 83309 | Depths:5 | Found a magical portal.
 83314 | WizLab   | Entered Wucad Mu's Monastery
 83590 | WizLab   | Learned a level 5 spell: Borgnjor's Vile Clutch
 83619 | WizLab   | Learned a level 5 spell: Aura of Abjuration
 83763 | WizLab   | Found the +9 staff of Wucad Mu {channel}
 83828 | WizLab   | Reached XP level 25. HP: 206/206 MP: 52/52
 83940 | Depths:5 | Reached skill level 13 in Conjurations
 84414 | Depths:5 | Reached skill level 14 in Fighting
 84496 | Depths:5 | Found a gate to the Realm of Zot.
 84834 | Depths:5 | Reached skill level 15 in Fighting
 85392 | Zot:1    | Entered Level 1 of the Realm of Zot
 85711 | Zot:1    | Reached skill level 16 in Fighting
 86664 | Zot:2    | Found a transporter.
 86666 | Zot:2    | Found the +3 pair of gauntlets of War {Slay+5}
 86691 | Zot:2    | Identified the Incunabulum of Freezing Good Luck
 86728 | Zot:2    | Found a transporter.
 86741 | Zot:2    | Reached skill level 17 in Fighting
 86778 | Zot:2    | Reached skill level 7 in Shields
 87211 | Zot:2    | Reached skill level 11 in Dodging
 87215 | Zot:2    | Reached skill level 8 in Shields
 87726 | Zot:2    | Reached skill level 5 in Air Magic
 87797 | Zot:2    | Got a twitching lapis lazuli ring
 87799 | Zot:2    | Identified a ring "Vubeapra" {Wiz rPois rN+ Str-4 Stlth+}
                  | (You found it on level 2 of the Realm of Zot)
 87847 | Zot:2    | Reached skill level 6 in Air Magic
 87848 | Zot:2    | Reached skill level 7 in Air Magic
 87852 | Zot:2    | Reached skill level 8 in Air Magic
 87887 | Zot:2    | Got a translucent bone ring
 87890 | Zot:2    | Identified the ring of Moodiness {*Slow +Inv rPois Str+3
                  | Dex-2} (You found it on level 2 of the Realm of Zot)
 87935 | Zot:3    | Reached skill level 9 in Air Magic
 88016 | Zot:3    | Reached skill level 10 in Air Magic
 88051 | Zot:3    | Reached skill level 11 in Air Magic
 88052 | Zot:3    | Reached XP level 26. HP: 156/228 MP: 9/52
 88107 | Zot:3    | Reached skill level 12 in Air Magic
 88312 | Zot:3    | Reached skill level 13 in Air Magic
 88852 | Zot:4    | Reached skill level 14 in Air Magic
 89283 | Zot:4    | Noticed an orb of fire
 89290 | Zot:4    | Gained mutation: Your mind is acute. (Int +2) [an orb of
                  | fire]
 89293 | Zot:4    | Gained mutation: You occasionally shout uncontrollably at
                  | your foes. [an orb of fire]
 89293 | Zot:4    | Killed an orb of fire
 89296 | Zot:4    | Reached skill level 9 in Shields
 89809 | Zot:4    | Got a pair of ancient boots
 89829 | Zot:4    | Identified the +0 pair of boots "Gamuplig" {+Blink Str-4
                  | Int+7} (You found it on level 4 of the Realm of Zot)
 89834 | Zot:4    | Got a steaming copper amulet
 89835 | Zot:4    | Identified the amulet of Vourec {Spirit Str+4 Int+3 Dex+2}
                  | (You found it on level 4 of the Realm of Zot)
 89917 | Zot:5    | Entered Level 5 of the Realm of Zot
 90053 | Zot:5    | Reached skill level 1 in Necromancy
 90193 | Zot:5    | Reached skill level 2 in Necromancy
 90311 | Zot:5    | Reached skill level 3 in Necromancy
 90318 | Zot:5    | Reached skill level 4 in Necromancy
 90385 | Zot:5    | Reached skill level 5 in Necromancy
 90452 | Zot:5    | Noticed an ancient lich
 90473 | Zot:5    | Killed an ancient lich
 90473 | Zot:5    | Reached skill level 6 in Necromancy
 90661 | Zot:5    | Reached skill level 7 in Necromancy
 90775 | Zot:5    | Reached skill level 8 in Necromancy
 90823 | Zot:5    | Noticed an orb of fire
 90834 | Zot:5    | Killed an orb of fire
 90854 | Zot:5    | Noticed an ancient lich
 90873 | Zot:5    | Killed an ancient lich
 90873 | Zot:5    | Reached skill level 9 in Necromancy
 91223 | Zot:5    | Reached skill level 10 in Necromancy
 91276 | Zot:5    | Noticed an orb of fire
 91276 | Zot:5    | Noticed an orb of fire
 91277 | Zot:5    | Reached XP level 27. HP: 235/235 MP: 47/52
 91285 | Zot:5    | Gained mutation: You do not regenerate when monsters are
                  | visible. [an orb of fire]
 91346 | Zot:5    | Reached skill level 11 in Necromancy
 91367 | Zot:5    | Lost mutation: Your mind is acute. (Int +2) [an orb of
                  | fire]
 91377 | Zot:5    | Killed an orb of fire
 91544 | Zot:5    | Noticed an ancient lich
 91592 | Zot:5    | Killed an orb of fire
 91768 | Zot:5    | Got a warped chain mail
 91769 | Zot:5    | Identified the +0 chain mail of Negation {+Inv} (You found
                  | it on level 5 of the Realm of Zot)
 91792 | Zot:5    | Killed an ancient lich
 91792 | Zot:5    | Reached skill level 12 in Necromancy
 92134 | Depths:4 | Found a runed translucent gate.
 92135 | Depths:4 | Found a runed translucent gate.
 92135 | Depths:4 | Found a runed translucent gate.
 92138 | Depths:4 | Noticed Acrimas's ghost (veteran GrFE)
 92140 | Depths:4 | Noticed Ashruvub's ghost (veteran GrEE)
 92848 | Depths:4 | Killed Ashruvub's ghost
 92851 | Depths:4 | Killed Acrimas's ghost
 93237 | Vaults:4 | Bought a book of the Warp for 1170 gold pieces
 93889 | D:8      | Bought a ration for 60 gold pieces
 93889 | D:8      | Bought a ration for 60 gold pieces
 93889 | D:8      | Bought a ration for 60 gold pieces
 93889 | D:8      | Bought a ration for 60 gold pieces
 93889 | D:8      | Bought a ration for 60 gold pieces
 93889 | D:8      | Bought a ration for 60 gold pieces
 93889 | D:8      | Bought a ration for 60 gold pieces
 93889 | D:8      | Bought a ration for 60 gold pieces
 93889 | D:8      | Bought a ration for 60 gold pieces
 93889 | D:8      | Bought a ration for 60 gold pieces
 93889 | D:8      | Bought a ration for 60 gold pieces
 93889 | D:8      | Bought a ration for 60 gold pieces
 94046 | Orc:2    | Bought a ration for 70 gold pieces
 94046 | Orc:2    | Bought a ration for 70 gold pieces
 94046 | Orc:2    | Bought a ration for 70 gold pieces
 94046 | Orc:2    | Bought a ration for 70 gold pieces
 94046 | Orc:2    | Bought a ration for 70 gold pieces
 94046 | Orc:2    | Bought a ration for 70 gold pieces
 94046 | Orc:2    | Bought a ration for 70 gold pieces
 94046 | Orc:2    | Bought a ration for 70 gold pieces
 94046 | Orc:2    | Bought a ration for 70 gold pieces
 94046 | Orc:2    | Bought a ration for 70 gold pieces
 94046 | Orc:2    | Bought a ration for 70 gold pieces
 94414 | Vaults:1 | Learned a level 6 spell: Deflect Missiles
 94425 | Vaults:1 | Learned a level 8 spell: Infestation
 94687 | Zig:1    | Entered Level 1 of a ziggurat
 94716 | Zig:2    | Entered Level 2 of a ziggurat
 94759 | Zig:3    | Entered Level 3 of a ziggurat
 94763 | Zig:3    | Reached skill level 13 in Necromancy
 94944 | Zig:4    | Entered Level 4 of a ziggurat
 94974 | Zig:4    | Got a coiled pewter amulet
 94998 | Zig:4    | Identified the amulet of Spontaneous Combustion {Gourm
                  | Dex+4} (You found it on level 4 of a ziggurat)
 95015 | Zig:5    | Entered Level 5 of a ziggurat
 95310 | Zig:6    | Entered Level 6 of a ziggurat
 95326 | Zig:6    | Identified Julin's Tome of Unholy Air
 95330 | Zig:6    | Identified the Volume of the Assistive Entourage
 95405 | Zig:7    | Entered Level 7 of a ziggurat
 95415 | Zig:7    | Reached skill level 14 in Necromancy
 95415 | Zig:7    | Reached skill level 12 in Dodging
 95577 | Zig:8    | Entered Level 8 of a ziggurat
 95626 | Zig:8    | Identified the Tome of the Hippo
 95686 | Zig:8    | Got a brightly glowing long sword
 95687 | Zig:8    | Identified the +10 long sword "Oclo" {freeze, Fragile Str+6
                  | Int+8 Dex-3} (You found it on level 8 of a ziggurat)
 95789 | Zig:8    | Learned a level 8 spell: Necromutation
 95791 | Zig:9    | Entered Level 9 of a ziggurat
 95797 | Zig:9    | Reached skill level 10 in Shields
 95823 | Zig:9    | Found the +10 morningstar "Eos" {elec, Halo rElec}
 95896 | Zig:10   | Entered Level 10 of a ziggurat
 95907 | Zig:10   | Noticed an ancient lich
 95908 | Zig:10   | Found the +7 sceptre of Torment {pain, torment}
 95913 | Zig:10   | Killed an ancient lich
 95913 | Zig:10   | Reached skill level 13 in Dodging
 95927 | Zig:10   | Identified the Tome of Calling and Boosts
 95957 | Zig:10   | Got a heavily runed graven amulet
 95958 | Zig:10   | Identified the amulet of Heidaf {Faith +Fly rPois MP+9
                  | Stlth+} (You found it on level 10 of a ziggurat)
 96036 | Zig:11   | Entered Level 11 of a ziggurat
 96046 | Zig:11   | Reached skill level 11 in Shields
 96170 | Zig:12   | Entered Level 12 of a ziggurat
 96238 | Zig:12   | Identified the Handbook of Hexes
 96279 | Zig:12   | Got a dazzling rapier
 96280 | Zig:12   | Identified the +0 rapier "Vahil" {pierce, rN++ Str-3} (You
                  | found it on level 12 of a ziggurat)
 96309 | Zig:13   | Entered Level 13 of a ziggurat
 96324 | Zig:13   | Reached skill level 12 in Shields
 96342 | Zig:13   | Identified the Reference Book on the Volcanoes and the
                  | Compass
 96345 | Zig:13   | Identified the Incunabulum of Flight and Necromancy
 96367 | Zig:13   | Identified the ring of Salvation {Ice rPois Str+5 Dex-2
                  | Stlth+} (You found it on level 13 of a ziggurat)
 96382 | Zig:14   | Entered Level 14 of a ziggurat
 96418 | Zig:14   | Noticed Iryin Jitodo the pandemonium lord
 96419 | Zig:14   | Noticed Kicihy the pandemonium lord
 96419 | Zig:14   | Noticed Xatoot the pandemonium lord
 96420 | Zig:14   | Found the +6 Majin-Bo {vamp, Archmagi MP+6 Int+6}
 96420 | Zig:14   | Noticed Sulewid the pandemonium lord
 96422 | Zig:14   | Reached skill level 14 in Dodging
 96423 | Zig:14   | Killed Iryin Jitodo the pandemonium lord
 96425 | Zig:14   | Killed Kicihy the pandemonium lord
 96426 | Zig:14   | Killed Sulewid the pandemonium lord
 96429 | Zig:14   | Killed Xatoot the pandemonium lord
 96429 | Zig:14   | Reached skill level 13 in Shields
 96476 | Zig:14   | Reached skill level 15 in Dodging
 96477 | Zig:14   | Reached skill level 14 in Shields
 96479 | Zig:14   | Reached skill level 15 in Shields
 96523 | Zig:14   | Got a fine robe
 96524 | Zig:14   | Identified the cursed +1 robe of Miracles {rN+ MR- Dex+4}
                  | (You found it on level 14 of a ziggurat)
 96605 | Zig:15   | Entered Level 15 of a ziggurat
 96705 | Zig:15   | Identified the Volume of Transmigration and Evil
 96813 | Zig:16   | Entered Level 16 of a ziggurat
 96838 | Zig:16   | Learned a level 1 spell: Apportation
 96991 | Zig:16   | Noticed a juggernaut
 96991 | Zig:16   | Noticed a juggernaut
 96991 | Zig:16   | Noticed a juggernaut
 96994 | Zig:16   | Killed a juggernaut
 96995 | Zig:16   | Killed a juggernaut
 96995 | Zig:16   | Killed a juggernaut
 96995 | Zig:16   | Reached skill level 20 in Spellcasting
 96996 | Zig:16   | Reached skill level 19 in Fire Magic
 97047 | Zig:17   | Entered Level 17 of a ziggurat
 97065 | Zig:17   | Noticed Toxovid the pandemonium lord
 97071 | Zig:17   | Killed Toxovid the pandemonium lord
 97112 | Zig:17   | HP: 29/305 [green death (11)]
 97133 | Zig:17   | HP: 21/235 [Brimstone Fiend/damnation (39)]
 97210 | Zig:17   | Reached skill level 20 in Fire Magic
 97211 | Zig:17   | Identified the amulet of Nikhinim {Gourm *Contam rElec rN+
                  | Str+4} (You found it on level 17 of a ziggurat)
 97212 | Zig:17   | Identified the amulet of the Shining Light {Acrobat -Tele
                  | +Fly rElec SInv} (You found it on level 17 of a ziggurat)
 97428 | Zig:18   | Entered Level 18 of a ziggurat
 97472 | Zig:18   | Found the +7 Spriggan's Knife {stab, EV+4 Stlth+}
 97610 | Zig:18   | Lost mutation: You occasionally shout uncontrollably at
                  | your foes. [potion of mutation]
 97610 | Zig:18   | Lost mutation: You do not regenerate when monsters are
                  | visible. [potion of mutation]
 97611 | Zig:18   | Lost mutation: You are somewhat resistant to further
                  | mutation. [potion of mutation]
 97611 | Zig:18   | Lost mutation: You are resistant to hostile enchantments.
                  | (MR+) [potion of mutation]
 97611 | Zig:18   | Gained mutation: You have sharp toenails. [potion of
                  | mutation]
 97611 | Zig:18   | Gained mutation: Your spells are a little easier to cast,
                  | but a little less powerful. [potion of mutation]
 97611 | Zig:18   | Lost mutation: Your spells are a little easier to cast, but
                  | a little less powerful. [potion of mutation]
 97611 | Zig:18   | Gained mutation: You are resistant to hostile enchantments.
                  | (MR+) [potion of mutation]
 97612 | Zig:18   | Lost mutation: You are resistant to hostile enchantments.
                  | (MR+) [potion of mutation]
 97612 | Zig:18   | Lost mutation: You have sharp toenails. [potion of
                  | mutation]
 97612 | Zig:18   | Gained mutation: You have a somewhat thin skeletal
                  | structure. (Dex +2, Stealth) [potion of mutation]
 97612 | Zig:18   | Gained mutation: Your muscles are strong. (Str +2) [potion
                  | of mutation]
 97613 | Zig:18   | Lost mutation: Your muscles are strong. (Str +2) [potion of
                  | mutation]
 97613 | Zig:18   | Lost mutation: You have a somewhat thin skeletal structure.
                  | (Dex +2, Stealth) [potion of mutation]
 97613 | Zig:18   | Gained mutation: You are clumsy. (Dex -2) [potion of
                  | mutation]
 97613 | Zig:18   | Gained mutation: Your body sometimes deteriorates upon
                  | taking damage. [potion of mutation]
 97613 | Zig:18   | Gained mutation: You have large cloven feet. [potion of
                  | mutation]
 97613 | Zig:18   | Gained mutation: You expend magic power (3 MP) to
                  | strengthen your wands. [potion of mutation]
 97614 | Zig:18   | Lost mutation: Your body sometimes deteriorates upon taking
                  | damage. [potion of mutation]
 97614 | Zig:18   | Lost mutation: You expend magic power (3 MP) to strengthen
                  | your wands. [potion of mutation]
 97614 | Zig:18   | Lost mutation: You have large cloven feet. [potion of
                  | mutation]
 97614 | Zig:18   | Lost mutation: You are clumsy. (Dex -2) [potion of
                  | mutation]
 97614 | Zig:18   | Gained mutation: Your mind is acute. (Int +2) [potion of
                  | mutation]
 97614 | Zig:18   | Gained mutation: You evolve. [potion of mutation]
 97614 | Zig:18   | Gained mutation: Your system is resistant to poisons.
                  | (rPois) [potion of mutation]
 97615 | Zig:18   | Lost mutation: Your mind is acute. (Int +2) [potion of
                  | mutation]
 97615 | Zig:18   | Lost mutation: Your system is resistant to poisons. (rPois)
                  | [potion of mutation]
 97615 | Zig:18   | Lost mutation: You evolve. [potion of mutation]
 97615 | Zig:18   | Gained mutation: You are clumsy. (Dex -2) [potion of
                  | mutation]
 97615 | Zig:18   | Gained mutation: You are robust. (+10% HP) [potion of
                  | mutation]
 97616 | Zig:18   | Lost mutation: You are clumsy. (Dex -2) [potion of
                  | mutation]
 97616 | Zig:18   | Lost mutation: You are robust. (+10% HP) [potion of
                  | mutation]
 97616 | Zig:18   | Gained mutation: Your body sometimes deteriorates upon
                  | taking damage. [potion of mutation]
 97616 | Zig:18   | Gained mutation: You are robust. (+10% HP) [potion of
                  | mutation]
 97617 | Zig:18   | Lost mutation: Your body sometimes deteriorates upon taking
                  | damage. [potion of mutation]
 97617 | Zig:18   | Lost mutation: You are robust. (+10% HP) [potion of
                  | mutation]
 97617 | Zig:18   | Gained mutation: You have a pair of small antennae on your
                  | head. [potion of mutation]
 97617 | Zig:18   | Gained mutation: You are robust. (+10% HP) [potion of
                  | mutation]
 97617 | Zig:18   | Gained mutation: You expend magic power (3 MP) to
                  | strengthen your wands. [potion of mutation]
 97617 | Zig:18   | Gained mutation: Your mind is acute. (Int +2) [potion of
                  | mutation]
 97618 | Zig:18   | Lost mutation: You are robust. (+10% HP) [potion of
                  | mutation]
 97618 | Zig:18   | Lost mutation: Your mind is acute. (Int +2) [potion of
                  | mutation]
 97618 | Zig:18   | Lost mutation: You expend magic power (3 MP) to strengthen
                  | your wands. [potion of mutation]
 97618 | Zig:18   | Lost mutation: You have a pair of small antennae on your
                  | head. [potion of mutation]
 97618 | Zig:18   | Gained mutation: Potions are less effective at restoring
                  | your health. [potion of mutation]
 97618 | Zig:18   | Gained mutation: You have sharp fingernails. [potion of
                  | mutation]
 97619 | Zig:18   | Lost mutation: Potions are less effective at restoring your
                  | health. [potion of mutation]
 97619 | Zig:18   | Gained mutation: Your body sometimes deteriorates upon
                  | taking damage. [potion of mutation]
 97619 | Zig:18   | Gained mutation: You are partially covered in yellow
                  | scales. (AC +2) [potion of mutation]
 97620 | Zig:18   | Lost mutation: You are partially covered in yellow scales.
                  | (AC +2) [potion of mutation]
 97620 | Zig:18   | Lost mutation: Your body sometimes deteriorates upon taking
                  | damage. [potion of mutation]
 97620 | Zig:18   | Gained mutation: You expend magic power (3 MP) to
                  | strengthen your wands. [potion of mutation]
 97620 | Zig:18   | Gained mutation: You are resistant to hostile enchantments.
                  | (MR+) [potion of mutation]
 97621 | Zig:18   | Lost mutation: You are resistant to hostile enchantments.
                  | (MR+) [potion of mutation]
 97621 | Zig:18   | Lost mutation: You expend magic power (3 MP) to strengthen
                  | your wands. [potion of mutation]
 97621 | Zig:18   | Lost mutation: You have sharp fingernails. [potion of
                  | mutation]
 97621 | Zig:18   | Gained mutation: You have a somewhat thin skeletal
                  | structure. (Dex +2, Stealth) [potion of mutation]
 97621 | Zig:18   | Gained mutation: You possess an exceptional clarity of
                  | mind. [potion of mutation]
 97621 | Zig:18   | Gained mutation: Armour fits poorly on your strangely
                  | shaped body. [potion of mutation]
 97621 | Zig:18   | Gained mutation: You are partially covered in slimy green
                  | scales. (AC +2) [potion of mutation]
 97622 | Zig:18   | Lost mutation: Armour fits poorly on your strangely shaped
                  | body. [potion of mutation]
 97622 | Zig:18   | Lost mutation: You are partially covered in slimy green
                  | scales. (AC +2) [potion of mutation]
 97622 | Zig:18   | Gained mutation: You are partially covered in large bone
                  | plates. (SH +4) [potion of mutation]
 97622 | Zig:18   | Gained mutation: You are dopey. (Int -2) [potion of
                  | mutation]
 97622 | Zig:18   | Lost mutation: You possess an exceptional clarity of mind.
                  | [potion of mutation]
 97622 | Zig:18   | Lost mutation: You are dopey. (Int -2) [potion of mutation]
 97623 | Zig:18   | Lost mutation: You are partially covered in large bone
                  | plates. (SH +4) [potion of mutation]
 97623 | Zig:18   | Lost mutation: You have a somewhat thin skeletal structure.
                  | (Dex +2, Stealth) [potion of mutation]
 97623 | Zig:18   | Gained mutation: Armour fits poorly on your strangely
                  | shaped body. [potion of mutation]
 97623 | Zig:18   | Gained mutation: Your spells are a little harder to cast,
                  | but a little more powerful. [potion of mutation]
 97623 | Zig:18   | Gained mutation: You are resistant to hostile enchantments.
                  | (MR+) [potion of mutation]
 97624 | Zig:18   | Lost mutation: Your spells are a little harder to cast, but
                  | a little more powerful. [potion of mutation]
 97624 | Zig:18   | Lost mutation: Armour fits poorly on your strangely shaped
                  | body. [potion of mutation]
 97624 | Zig:18   | Lost mutation: You are resistant to hostile enchantments.
                  | (MR+) [potion of mutation]
 97624 | Zig:18   | Gained mutation: You are surrounded by a mild repulsion
                  | field. (EV +2) [potion of mutation]
 97624 | Zig:18   | Gained mutation: Armour fits poorly on your strangely
                  | shaped body. [potion of mutation]
 97624 | Zig:18   | Gained mutation: You are dopey. (Int -2) [potion of
                  | mutation]
 97624 | Zig:18   | Gained mutation: You have large cloven feet. [potion of
                  | mutation]
 97625 | Zig:18   | Lost mutation: You are dopey. (Int -2) [potion of mutation]
 97625 | Zig:18   | Lost mutation: Armour fits poorly on your strangely shaped
                  | body. [potion of mutation]
 97625 | Zig:18   | Lost mutation: You are surrounded by a mild repulsion
                  | field. (EV +2) [potion of mutation]
 97625 | Zig:18   | Gained mutation: Your spells are a little harder to cast,
                  | but a little more powerful. [potion of mutation]
 97638 | Zig:19   | Entered Level 19 of a ziggurat
 97653 | Zig:19   | Noticed Xaguics the pandemonium lord
 97656 | Zig:19   | Killed Xaguics the pandemonium lord
 97667 | Zig:20   | Entered Level 20 of a ziggurat
 97710 | Zig:20   | Lost mutation: You have large cloven feet. [potion of
                  | mutation]
 97710 | Zig:20   | Lost mutation: Your spells are a little harder to cast, but
                  | a little more powerful. [potion of mutation]
 97710 | Zig:20   | Gained mutation: You have a pair of small antennae on your
                  | head. [potion of mutation]
 97710 | Zig:20   | Gained mutation: You have sharp fingernails. [potion of
                  | mutation]
 97710 | Zig:20   | Gained mutation: You are somewhat resistant to further
                  | mutation. [potion of mutation]
 97711 | Zig:20   | Lost mutation: You have sharp fingernails. [potion of
                  | mutation]
 97711 | Zig:20   | Lost mutation: You are somewhat resistant to further
                  | mutation. [potion of mutation]
 97711 | Zig:20   | Gained mutation: You are robust. (+10% HP) [potion of
                  | mutation]
 97711 | Zig:20   | Gained mutation: You expend magic power (3 MP) to
                  | strengthen your wands. [potion of mutation]
 97711 | Zig:20   | Gained mutation: You are clumsy. (Dex -2) [potion of
                  | mutation]
 97711 | Zig:20   | Gained mutation: You are surrounded by a mild repulsion
                  | field. (EV +2) [potion of mutation]
 97723 | Zig:20   | Learned a level 9 spell: Fire Storm
 97781 | Zig:20   | Reached skill level 14 in Conjurations
 97803 | Zig:20   | Reached skill level 15 in Conjurations
 97882 | Zig:20   | Found the ring of the Mage {Wiz MR++ Int+3}
 97888 | Zig:20   | Identified Sif Muna's Incunabulum of Floating Curses
 97903 | Zig:20   | Identified Sif Muna's Tome of Lethal Poison
 97907 | Zig:20   | Reached skill level 16 in Conjurations
 97908 | Zig:20   | Identified the ring of Caonao {+Inv rN+ Stlth+} (You found
                  | it on level 20 of a ziggurat)
 98087 | Zig:21   | Entered Level 21 of a ziggurat
 98117 | Zig:21   | Reached skill level 17 in Conjurations
 98128 | Zig:21   | Identified Sif Muna's Catalogue of Torrid Companions
 98151 | Zig:21   | Identified the cursed +0 robe "Hevierr" {rPois rF+} (You
                  | found it on level 21 of a ziggurat)
 98217 | Zig:22   | Entered Level 22 of a ziggurat
 98248 | Zig:22   | Reached skill level 18 in Conjurations
 98259 | Zig:22   | Reached skill level 19 in Conjurations
 98261 | Zig:22   | Found the +8 mithril axe "Arga" {speed, MR+}
 98294 | Zig:22   | Identified the Incunabulum of the Compass
 98311 | Zig:22   | Identified the ring "Baotops" {rN+ MP+9 Int+4 Dex-2} (You
                  | found it on level 22 of a ziggurat)
 98464 | Zig:23   | Entered Level 23 of a ziggurat
 98491 | Zig:23   | Noticed an ancient lich
 98492 | Zig:23   | Noticed an ancient lich
 98494 | Zig:23   | Reached skill level 20 in Conjurations
 98497 | Zig:23   | Killed an ancient lich
 98500 | Zig:23   | Reached skill level 21 in Spellcasting
 98502 | Zig:23   | Killed an ancient lich
 98547 | Zig:23   | Reached skill level 5 in Translocations
 98806 | Zig:24   | Entered Level 24 of a ziggurat
 98823 | Zig:24   | Noticed Muorpholo the pandemonium lord
 98826 | Zig:24   | Noticed Zoohaoqu the pandemonium lord
 98827 | Zig:24   | Noticed Legott the pandemonium lord
 98829 | Zig:24   | Noticed Rotia the pandemonium lord
 98831 | Zig:24   | Noticed Qoynn the pandemonium lord
 98831 | Zig:24   | Noticed Lotz the pandemonium lord
 98832 | Zig:24   | Noticed Qurieram the pandemonium lord
 98832 | Zig:24   | Noticed Nivunleg the pandemonium lord
 98832 | Zig:24   | Noticed Kuilokk the pandemonium lord
 98835 | Zig:24   | Noticed Agoemeru the pandemonium lord
 98836 | Zig:24   | Reached skill level 6 in Translocations
 98836 | Zig:24   | Killed Qoynn the pandemonium lord
 98836 | Zig:24   | Reached skill level 7 in Translocations
 98837 | Zig:24   | Killed Lotz the pandemonium lord
 98837 | Zig:24   | Noticed Kiulapt the pandemonium lord
 98838 | Zig:24   | Killed Nivunleg the pandemonium lord
 98838 | Zig:24   | Reached skill level 8 in Translocations
 98838 | Zig:24   | Killed Qurieram the pandemonium lord
 98838 | Zig:24   | Noticed Raeri the pandemonium lord
 98841 | Zig:24   | Killed Zoohaoqu the pandemonium lord
 98841 | Zig:24   | Reached skill level 9 in Translocations
 98842 | Zig:24   | Killed Legott the pandemonium lord
 98850 | Zig:24   | Killed Muorpholo the pandemonium lord
 98850 | Zig:24   | Reached skill level 10 in Translocations
 98854 | Zig:24   | Noticed Jeogoet the pandemonium lord
 98856 | Zig:24   | Killed Rotia the pandemonium lord
 98859 | Zig:24   | Killed Agoemeru the pandemonium lord
 98883 | Zig:24   | HP: 14/258 [Kiulapt the pandemonium lord/orb of electricity
                  | (24)]
 98899 | Zig:24   | Killed Raeri the pandemonium lord
 98909 | Zig:24   | Killed Jeogoet the pandemonium lord
 98909 | Zig:24   | Killed Kuilokk the pandemonium lord
 98917 | Zig:24   | Noticed a juggernaut
 98917 | Zig:24   | a Killer Klown changed into a juggernaut
 98926 | Zig:24   | Killed a juggernaut
 98926 | Zig:24   | Reached skill level 22 in Spellcasting
 99177 | Zig:24   | Killed Kiulapt the pandemonium lord
 99278 | Zig:24   | Identified the Handbook of Lethal Transmigration
 99305 | Zig:24   | Got a faintly glowing bronze ring
 99305 | Zig:24   | Got a vibrating turquoise ring
 99306 | Zig:24   | Identified the ring "Voluntu" {+Fly rC+ Int+3} (You found
                  | it on level 24 of a ziggurat)
 99307 | Zig:24   | Identified the ring of Fragile Peace {MP+9 Str+4 Int-4}
                  | (You found it on level 24 of a ziggurat)
 99318 | Zig:24   | Reached skill level 11 in Translocations
 99335 | Zig:24   | Learned a level 8 spell: Controlled Blink
 99339 | Zig:25   | Entered Level 25 of a ziggurat
 99363 | Zig:25   | Reached skill level 12 in Translocations
 99367 | Zig:25   | Reached skill level 13 in Translocations
 99372 | Zig:25   | Reached skill level 23 in Spellcasting
 99395 | Zig:25   | Identified the Tome of Changing and the Rocks
 99403 | Zig:25   | Reached skill level 24 in Spellcasting
 99407 | Zig:25   | Identified the Almanac of Entrancing Lightness
 99412 | Zig:25   | Got a distressingly furry robe
 99413 | Zig:25   | Identified the +1 robe "Haunk" {-Cast Int+2 Dex+4} (You
                  | found it on level 25 of a ziggurat)
 99567 | Zig:26   | Entered Level 26 of a ziggurat
 99582 | Zig:26   | Noticed an ancient lich
 99587 | Zig:26   | Killed an ancient lich
 99591 | Zig:26   | Noticed an ancient lich
 99592 | Zig:26   | Noticed an ancient lich
 99594 | Zig:26   | Killed an ancient lich
 99594 | Zig:26   | Killed an ancient lich
 99597 | Zig:26   | Noticed an ancient lich
 99598 | Zig:26   | Noticed an ancient lich
 99610 | Zig:26   | Killed an ancient lich
 99628 | Zig:26   | Reached skill level 25 in Spellcasting
 99690 | Zig:26   | Killed an ancient lich
 99715 | Zig:26   | Found the +8 longbow "Zephyr" {speed, Dex+3 SInv}
 99726 | Zig:26   | Got a steaming ivory ring
 99727 | Zig:26   | Identified the ring "Ezotz" {Int+4 Stlth+} (You found it on
                  | level 26 of a ziggurat)
 99958 | Zig:27   | Entered Level 27 of a ziggurat
 99979 | Zig:27   | Reached skill level 1 in Armour
 99981 | Zig:27   | Reached skill level 2 in Armour
 99985 | Zig:27   | Reached skill level 3 in Armour
100004 | Zig:27   | Reached skill level 4 in Armour
100010 | Zig:27   | Reached skill level 5 in Armour
100020 | Zig:27   | Reached skill level 6 in Armour
100020 | Zig:27   | Reached skill level 16 in Dodging
100026 | Zig:27   | HP: 15/258 [mummy priest/divine providence (14)]
100027 | Zig:27   | HP: 5/258 [guardian mummy (10)]
100027 | Zig:27   | Killed from afar by a mummy priest

Levels and vault maps discovered:
D:1:      lightli_arrival_boilingwater, layout_basic, minmay_stone_trees_small
D:2:      layout_rooms, gammafunk_temple_overflow_elements,
          chequers_ecumenical_altar_simple_redux
D:3:      layout_loops_cross, grunt_temple_overflow_open,
          minmay_gold_behind_fungi, minmay_unequal
D:4:      layout_basic, serial_bayou, serial_bayou_pond_b, serial_bayou_ford_a,
          serial_bayou_pond_b, serial_bayou_lagoon_a, minmay_close_crescents,
          uniq_menkaure
D:5:      layout_rooms, first_ration
D:6:      layout_loops_cross, temple_hall
D:7:      layout_basic, gammafunk_ghost_icy, corexii_item_surrounded_by_moat,
          uniq_joseph
D:8:      layout_cave_pools, led_sif_pool, gammafunk_ghost_spectres,
          serial_shops, shop, uniq_harold, uniq_pikel, uniq_grum
D:9:      layout_cave_pools
D:10:     layout_basic, lair_entry_dummy, serial_shops, kennysheep_mini_moat,
          fedhas_altar_3
D:11:     layout_gridville, orc_0_dummy, nicolae_straight_to_the_point
D:12:     layout_rooms, the_bakery, xom_confusion_cloud
D:13:     layout_basic, hangedman_corner_corridor, uniq_jorgrun
D:14:     layout_irregular_city, ximxim_vaults_locker_room,
          minmay_misc_feat_secret_circle
D:15:     grunt_enter_depths_hoard, layout_loops_ring, serial_park_tiny_2
Lair:1:   layout_regular_city
Lair:2:   layout_roguey, minmay_swamp_entry_reptiles, cheibrodos_lair_lostbears,
          uniq_urug
Lair:3:   layout_concentric_octagons, spider_nest_entry_rubble,
          chequers_serial_rivers_room_a, st_stairs_3, minmay_lair_oklob_bushes
Lair:4:   layout_loops_ring, kennysheep_catoblepas_arena, uniq_kirke
Lair:5:   layout_gridlike, slime_altar_1, nicolae_volcano_entry_vermiform,
          minivault_19, st_stairs_5
Lair:6:   cheibrodos_lair_end_hotspot, layout_gridlike
Swamp:1:  layout_basic_swamp, hangedman_swamp_lotus, swamp_pool2
Swamp:2:  layout_falls_marsh, evilmike_swamp_ruin_rubble_1
Swamp:3:  layout_basic_swamp, hangedman_swamp_ruin_wall
Swamp:4:  swamp_pestilence, layout_basic_swamp, grunt_lady_of_the_lake
Spider:1: gammafunk_the_bubble [the_bubble_gammafunk_roulette]
Spider:2: layout_spider_delve, drop_trap, uniq_arachne
Spider:3: layout_spider_delve, spiders_nest_the_unseen
Spider:4: guppyfry_spider_rune
Orc:1:    layout_diamond_mine, basic_altar
Orc:2:    pubby_orc_utopia, serial_shops, uniq_erolcha
Elf:1:    layout_onion_city, serial_shops, shop, minmay_elf_annihilation,
          uniq_nikola
Elf:2:    layout_rooms, serial_shops, bzr_entry_water, shop, shop, shop, shop,
          drop_trap, lemuel_elevator, uniq_donald
Elf:3:    elf_hall_gauntlet_narrow, layout_geoelf_octagon, serial_shops,
          shop_coins
Vaults:1: nicolae_vaults_twisting_passages, dpeg_vaults_monster_row,
          v_pattern_3, v_misc_33, hangedman_vaults_snaps,
          hangedman_vaults_slither, vaults_dpeg_encased_lava,
          ontoclasm_vaults_gateway, vaults_room_hallway,
          grunt_vaults_hallway_short, v_misc_22, layout_vaults_omnibox
Vaults:2: nicolae_vaults_little_squares_1, hangedman_vaults_stagger,
          hangedman_vaults_stream, nicolae_vaults_border_crossing,
          hangedman_vaults_hat, nicolae_vaults_triangles,
          nicolae_vaults_three_branches, minmay_crypt_entry_nasty_monster,
          nicolae_vaults_specimen_jars, vaults_dpeg_cross,
          vaults_mumra_chevron_long, nicolae_vaults_little_squares_4,
          nicolae_vaults_statue_guard, layout_vaults_omnicross
Vaults:3: ontoclasm_vaults_shuriken, hangedman_vaults_trim, vaults_room_fours,
          vaults_standard_mumra_lines, ontoclasm_vaults_ring_small, v_rooms_6,
          nicolae_vaults_little_ls, st_spiral_rooms, v_alt_pattern_6,
          grunt_vaults_funnel, nicolae_vaults_little_squares_3,
          layout_vaults_ring, uniq_asterion, uniq_mara, uniq_boris
Vaults:4: ontoclasm_vaults_idyll, vaults_dpeg_diagonal,
          nicolae_vaults_gold_heap, vaults_room_door_hall,
          vaults_room_hangedman_quadrants, v_misc_25, ontoclasm_vaults_eye,
          vaults_room_hallway, nicolae_vaults_little_squares_4,
          nicolae_vaults_mini_display_case, v_misc_14, layout_vaults_quadrants,
          serial_shops, nicolae_shop_waterfront
Vaults:5
Crypt:1:  layout_rooms
Crypt:2:  layout_misc_corridors
Crypt:3:  david_glass_crypt, layout_misc_corridors,
          tomb_entry_forgotten_bobbens, grunt_ministairs_6, uniq_sojobo
Depths:1: minmay_two_paths, layout_basic, abyss_entry, hell_entry, minmay_holes,
          hangedman_abyss_or_decor_clamps, due_unseen_surprise
Depths:2: cheibrodos_leafed_vault, layout_basic, enter_ziggurat_f,
          grunt_hell_entry_dis_mu, rand_demon_pan_entry_3
Depths:3: kennysheep_bubble_arena, layout_cave_shapes, hell_entry,
          kennysheep_another_room, pan_entry
Depths:4: minmay_the_grid_triangle_9x9_recursive_2
          [minmay_the_grid_triangle_9x9_prize_top_heavy,
          minmay_the_grid_triangle_9x9_steps,
          minmay_the_grid_triangle_9x9_semitri,
          minmay_the_grid_triangle_9x9_longest], layout_basic,
          wad_floor_pattern_1, gammafunk_ghost_cemetery, hell_entry,
          abyss_entry_crystal, infiniplex_staircase_split_hallway
Depths:5: grunt_zot_entry_funnels, layout_gridville, mu_enter_wizlab_2,
          hell_entry, hangedman_abyss_entry_splay, serial_sigils_hangedman_snap,
          lemuel_flamethrower_3
Zot:1:    layout_concentric_octagons, hangedman_zot_decor_checkerboard
Zot:2:    gammafunk_sealed_arena, layout_onion, st_large_dragon_hoard_2
Zot:3:    layout_misc_corridors
Zot:4:    layout_gridlike, st_stairs_11, st_large_dragon_hoard_1
Zot:5:    layout_misc_corridors, hangedman_zot_gyre, drop_trap
Zig:27

Skill      XL: |  1  2  3  4  5  6  7  8  9 10 11 12 13 14 15 16 17 18 19 20 21 22 23 24 25 26 27 |
---------------+----------------------------------------------------------------------------------+-----
Conjurations   | 1 2 3 4 5 7 9 10 11 12 13 20 | 20.0
Spellcasting   | 3 4 6 7 9 10 12 13 14 15 17 19 25 | 25.3
Summonings     | 1 2 4 10 | 10.0
Translocations | 1 2 13 | 13.0
Fire Magic     | 2 3 5 9 11 12 15 18 20 | 20.8
Air Magic      | 2 3 4 11 14 | 14.6
Poison Magic   | 2 |  2.0
Short Blades   | 1 2 |  2.1
Earth Magic    | 3 6 |  6.0
Evocations     | 6 13 | 13.6
Dodging        | 2 6 7 10 11 16 | 16.1
Fighting       | 1 5 6 7 10 13 17 | 17.0
Shields        | 1 5 6 8 9 15 | 15.2
Hexes          | 3 4 |  4.0
Transmutations | 7 10 13 | 13.0
Unarmed Combat | 6 12 16 | 16.0
Necromancy     | 10 14 | 14.0
Armour         | 6 |  6.3
Stealth        | |  1.7

Action                   |  1- 3 |  4- 6 |  7- 9 | 10-12 | 13-15 | 16-18 | 19-21 | 22-24 | 25-27 || total
-------------------------+-------+-------+-------+-------+-------+-------+-------+-------+-------++-------
Melee: Unarmed           |     1 |       |       |       |       |       |   374 |   498 |   472 ||  1345
       Whip              |    27 |       |       |       |       |       |       |       |       ||    27
       Dagger            |       |    66 |    10 |       |       |       |       |       |       ||    76
       Short sword       |       |       |   199 |   268 |   259 |   433 |       |       |       ||  1159
       Staff             |       |       |       |       |       |   125 |    70 |    92 |    63 ||   350
       Tailslap          |       |       |       |       |       |       |    20 |     7 |       ||    27
       Bite              |       |       |       |       |       |       |    16 |    10 |       ||    26
       Punch             |       |       |       |       |       |       |     7 |     7 |       ||    14
Throw: Throwing net      |       |       |       |       |       |     1 |       |       |       ||     1
 Cast: Magic Dart        |   101 |    69 |   217 |   382 |     1 |       |       |       |       ||   770
       Call Imp          |     2 |    32 |    22 |    31 |       |       |       |       |       ||    87
       Conjure Flame     |       |     4 |     2 |    13 |    19 |     6 |     1 |       |       ||    45
       Blink             |       |     2 |    11 |    36 |    22 |    38 |     6 |     9 |    14 ||   138
       Mephitic Cloud    |       |       |     7 |    61 |    47 |    19 |    12 |     6 |     1 ||   153
       Apportation       |       |       |     1 |       |       |       |    12 |       |    85 ||    98
       Sandblast         |       |       |       |   196 |   374 |       |       |       |       ||   570
       Animate Skeleton  |       |       |       |     2 |     7 |     6 |     2 |       |       ||    17
       Summon Lightning  |       |       |       |    30 |    59 |    65 |    28 |    21 |       ||   203
       Lee's Rapid Decon |       |       |       |     3 |    20 |    25 |     3 |       |       ||    51
       Fireball          |       |       |       |       |   112 |   586 |   457 |   158 |   100 ||  1413
       Bolt of Fire      |       |       |       |       |    34 |    58 |   129 |    10 |       ||   231
       Stone Arrow       |       |       |       |       |    21 |    57 |       |       |       ||    78
       Cause Fear        |       |       |       |       |     1 |    11 |     2 |       |       ||    14
       Statue Form       |       |       |       |       |       |    38 |    59 |    37 |    61 ||   195
       Summon Ice Beast  |       |       |       |       |       |     1 |       |       |       ||     1
       Irradiate         |       |       |       |       |       |       |    42 |    32 |       ||    74
       Dragon Form       |       |       |       |       |       |       |    11 |     6 |       ||    17
       Ignition          |       |       |       |       |       |       |    11 |    78 |   173 ||   262
       Spellforged Servi |       |       |       |       |       |       |       |    26 |    69 ||    95
       Regeneration      |       |       |       |       |       |       |       |     9 |    31 ||    40
       Aura of Abjuratio |       |       |       |       |       |       |       |     7 |       ||     7
       Orb of Destructio |       |       |       |       |       |       |       |     2 |    25 ||    27
       Iron Shot         |       |       |       |       |       |       |       |       |    23 ||    23
       Borgnjor's Vile C |       |       |       |       |       |       |       |       |    13 ||    13
       Infestation       |       |       |       |       |       |       |       |       |    32 ||    32
       Fire Storm        |       |       |       |       |       |       |       |       |    11 ||    11
       Necromutation     |       |       |       |       |       |       |       |       |     8 ||     8
       Controlled Blink  |       |       |       |       |       |       |       |       |     5 ||     5
       Deflect Missiles  |       |       |       |       |       |       |       |       |     5 ||     5
 Abil: End Transformatio |       |       |       |       |       |     3 |    13 |     7 |    12 ||    35
       Evoke Blink       |       |       |       |       |       |       |       |       |     3 ||     3
Evoke: Wand              |       |       |       |    25 |    12 |    15 |     6 |     5 |    14 ||    77
       Staff of energy   |       |       |       |       |     2 |       |       |    44 |    31 ||    77
       Phial of floods   |       |       |       |       |       |       |       |     2 |       ||     2
       Box of beasts     |       |       |       |       |       |       |       |     1 |     7 ||     8
       Staff of Wucad Mu |       |       |       |       |       |       |       |       |    89 ||    89
  Use: Scroll            |       |     4 |     9 |    11 |    12 |    12 |    13 |    22 |    58 ||   141
       Potion            |       |     4 |     2 |     4 |     1 |     1 |     7 |    20 |    65 ||   104
 Stab: Confused          |       |       |     4 |    18 |     9 |       |       |     3 |       ||    34
       Paralysed         |       |       |       |     9 |     2 |       |       |       |       ||    11
       Distracted        |       |       |       |     8 |     4 |    13 |     5 |     5 |    12 ||    47
       Invisible         |       |       |       |       |       |     2 |       |       |       ||     2
       Sleeping          |       |       |       |       |       |       |     1 |     2 |       ||     3
  Eat: Chunk             |     5 |    13 |    11 |    72 |   237 |    90 |   108 |    23 |    24 ||   583
       Ration            |       |       |     2 |       |       |     7 |     6 |     5 |    11 ||    31
Armor: Robe              |    11 |       |       |       |       |       |    21 |    32 |    32 ||    96
       Leather armour    |       |    10 |    69 |    51 |    78 |   137 |       |       |       ||   345
       Skin              |       |     8 |       |       |       |   657 |   493 |   435 |   511 ||  2104
       Troll leather arm |       |       |       |    62 |    46 |       |       |       |       ||   108
       Ring mail         |       |       |       |       |       |    74 |     7 |       |       ||    81
Dodge: Dodged            |    34 |    37 |   131 |   284 |   284 |  1339 |   625 |   622 |   723 ||  4079
       Deflected         |       |       |       |       |       |       |       |       |    46 ||    46
Block: Buckler           |       |       |       |    21 |   118 |   467 |   185 |   251 |   216 ||  1258
       Reflection        |       |       |       |       |       |       |       |     3 |    57 ||    60
       Shield            |       |       |       |       |       |       |       |       |   310 ||   310

Table legend:
 A = Non-vault XP
 B = Vault XP
 C = Vault XP percentage of total XP
 D = Non-vault monster count
 E = Vault monster count
 F = Vault count percentage of total count
                 A         B        C        D         E       F
            +---------+---------+-------+---------+---------+-------
      Total | 1840598 |  754054 |  29.1 |    2349 |     852 |  26.6
            +---------+---------+-------+---------+---------+-------
        D:1 |      40 |       0 |   0.0 |      15 |       0 |   0.0
        D:2 |      46 |       0 |   0.0 |      19 |       0 |   0.0
        D:3 |      55 |      41 |  42.7 |      20 |       4 |  16.7
        D:4 |     240 |     464 |  65.9 |      12 |      11 |  47.8
        D:5 |     553 |       0 |   0.0 |      11 |       0 |   0.0
        D:6 |    1173 |       0 |   0.0 |      33 |       0 |   0.0
        D:7 |     985 |    1611 |  62.1 |      11 |      13 |  54.2
        D:8 |     877 |    3283 |  78.9 |      17 |      11 |  39.3
        D:9 |    1841 |       0 |   0.0 |      23 |       0 |   0.0
       D:10 |    2136 |       0 |   0.0 |      27 |       0 |   0.0
       D:11 |    4629 |       0 |   0.0 |      35 |       0 |   0.0
       D:12 |    3433 |    3065 |  47.2 |      29 |      14 |  32.6
       D:13 |    9809 |    4451 |  31.2 |      34 |       7 |  17.1
       D:14 |   14781 |    5198 |  26.0 |      49 |      11 |  18.3
       D:15 |   21653 |    1614 |   6.9 |      55 |       2 |   3.5
     Lair:1 |    2109 |       0 |   0.0 |      13 |       0 |   0.0
     Lair:2 |    3610 |    1981 |  35.4 |      20 |      10 |  33.3
     Lair:3 |    6694 |     927 |  12.2 |      34 |       3 |   8.1
     Lair:4 |    3856 |       0 |   0.0 |      18 |       0 |   0.0
     Lair:5 |    3768 |     836 |  18.2 |      13 |       2 |  13.3
     Lair:6 |    6123 |    5809 |  48.7 |      24 |      27 |  52.9
    Swamp:1 |   10651 |       0 |   0.0 |      24 |       0 |   0.0
    Swamp:2 |   17177 |       0 |   0.0 |      44 |       0 |   0.0
    Swamp:3 |    8640 |       0 |   0.0 |      22 |       0 |   0.0
    Swamp:4 |   11467 |   13792 |  54.6 |      28 |      43 |  60.6
   Spider:1 |   23989 |    8502 |  26.2 |      64 |      14 |  17.9
   Spider:2 |   12457 |       0 |   0.0 |      39 |       0 |   0.0
   Spider:3 |   11821 |    1696 |  12.5 |      33 |       1 |   2.9
   Spider:4 |    4756 |   24476 |  83.7 |      14 |      42 |  75.0
      Orc:1 |     716 |      24 |   3.2 |      20 |       8 |  28.6
      Orc:2 |       0 |   19065 | 100.0 |       0 |     142 | 100.0
      Elf:1 |    4961 |    5207 |  51.2 |      10 |       8 |  44.4
      Elf:2 |    8332 |   25702 |  75.5 |      17 |      31 |  64.6
      Elf:3 |   16023 |   37255 |  69.9 |      25 |      25 |  50.0
   Vaults:1 |   23803 |   24191 |  50.4 |      44 |      37 |  45.7
   Vaults:2 |   42951 |   38361 |  47.2 |      79 |      53 |  40.2
   Vaults:3 |   23446 |   40250 |  63.2 |      45 |      53 |  54.1
   Vaults:4 |   10521 |    9316 |  47.0 |      22 |      10 |  31.2
   Vaults:5 |   42339 |  133294 |  75.9 |      54 |      93 |  63.3
    Crypt:1 |   30242 |       0 |   0.0 |      30 |       0 |   0.0
    Crypt:2 |   31895 |       0 |   0.0 |      44 |       0 |   0.0
    Crypt:3 |   26477 |   44266 |  62.6 |      38 |      16 |  29.6
   Depths:1 |   22496 |   14009 |  38.4 |      27 |      14 |  34.1
   Depths:2 |   48173 |   31439 |  39.5 |      50 |      23 |  31.5
   Depths:3 |   33106 |   14080 |  29.8 |      33 |       9 |  21.4
   Depths:4 |   30455 |   20882 |  40.7 |      44 |      14 |  24.1
   Depths:5 |   40656 |   17836 |  30.5 |      58 |      16 |  21.6
      Zot:1 |   38567 |       0 |   0.0 |      27 |       0 |   0.0
      Zot:2 |   32803 |   42495 |  56.4 |      18 |      21 |  53.8
      Zot:3 |   61728 |       0 |   0.0 |      42 |       0 |   0.0
      Zot:4 |   46929 |   30238 |  39.2 |      33 |      10 |  23.3
      Zot:5 |   14269 |  122842 |  89.6 |      11 |      44 |  80.0
    Abyss:2 |   21003 |       0 |   0.0 |      30 |       0 |   0.0
      Zig:1 |     838 |       0 |   0.0 |       2 |       0 |   0.0
      Zig:2 |    2016 |       0 |   0.0 |       2 |       0 |   0.0
      Zig:3 |    3239 |       0 |   0.0 |       6 |       0 |   0.0
      Zig:4 |    5006 |       0 |   0.0 |       4 |       0 |   0.0
      Zig:5 |    4018 |       0 |   0.0 |       7 |       0 |   0.0
      Zig:6 |    6570 |       0 |   0.0 |       8 |       0 |   0.0
      Zig:7 |   16801 |       0 |   0.0 |       9 |       0 |   0.0
      Zig:8 |   15447 |       0 |   0.0 |      10 |       0 |   0.0
      Zig:9 |   13272 |       0 |   0.0 |      14 |       0 |   0.0
     Zig:10 |   23980 |       0 |   0.0 |      14 |       0 |   0.0
     Zig:11 |   27068 |       0 |   0.0 |      17 |       0 |   0.0
     Zig:12 |    9054 |       0 |   0.0 |      22 |       0 |   0.0
     Zig:13 |   19857 |       0 |   0.0 |      30 |       0 |   0.0
     Zig:14 |   55178 |       0 |   0.0 |      20 |       0 |   0.0
     Zig:15 |   31730 |       0 |   0.0 |      32 |       0 |   0.0
     Zig:16 |   55563 |    2227 |   3.9 |      25 |       4 |  13.8
     Zig:17 |   51207 |       0 |   0.0 |      31 |       0 |   0.0
     Zig:18 |   31064 |       0 |   0.0 |      40 |       0 |   0.0
     Zig:19 |   20939 |       0 |   0.0 |      19 |       0 |   0.0
     Zig:20 |   57816 |       0 |   0.0 |      51 |       0 |   0.0
     Zig:21 |   46855 |       0 |   0.0 |      57 |       0 |   0.0
     Zig:22 |   65163 |       0 |   0.0 |      67 |       0 |   0.0
     Zig:23 |   90654 |       0 |   0.0 |      53 |       0 |   0.0
     Zig:24 |  105437 |       0 |   0.0 |      48 |       0 |   0.0
     Zig:25 |   83901 |       0 |   0.0 |      79 |       0 |   0.0
     Zig:26 |  119433 |       0 |   0.0 |      66 |       0 |   0.0
     Zig:27 |   37232 |       0 |   0.0 |      35 |       0 |   0.0
    Volcano |       0 |    2146 | 100.0 |       0 |       5 | 100.0
     WizLab |       0 |    1183 | 100.0 |       0 |       1 | 100.0
            +---------+---------+-------+---------+---------+-------
